 Dungeon Crawl Stone Soup version 0.27-a0-287-gd4424db430 (webtiles) character file.

Game seed: 17654236677521871169

7366212 cgasp the Demonic Catastrophe (level 27, 323/323 HPs)
             Began as a Demonspawn Gladiator on Jan 28, 2021.
             Was an Elder of Qazlal.
             Escaped with the Orb
             ... and 15 runes on Feb 16, 2021!
             The game lasted 1 day 00:32:36 (263727 turns).

cgasp the Demonic Catastrophe (DsGl)          Turns: 263727, Time: 1 , 00:32:37

Health: 323/323    AC: 42    Str: 29    XL:     27
Magic:  48/48      EV: 23    Int: 18    God:    Qazlal [****..]
Gold:   13751      SH: 48    Dex: 18    Spells: 62/80 levels left

rFire    + + .     SeeInvis +   r - +9 demon whip (distort)
rCold    + . .     Faith    .   Y - +18 shield of the Gong {rElec rN+ Will+ EV-5}
rNeg     + + +     Spirit   .   u - +8 plate armour "Puwusud" {Str+2}
rPois    +         Reflect  +   F - -2 hat of the Alchemist {rElec rPois rF+ rC+ rN+ Will+ rMut rCorr}
rElec    +         Harm     .   E - +1 cloak "Bosut" {Str+4}
rCorr    +         Rampage  .   (gloves unavailable)
rMut     +         Clarity  +   J - +2 pair of boots {run}
Will     +++++                  R - amulet of the Cicada {Reflect rN+ SH+5}
Stlth    +.........             U - ring "Wuriudgh" {rF+ Str+2 Slay+3 Stlth+}
HPRegen  0.63/turn              Q - ring of the Octopus King {AC+1 EV+1 Str+1 Int+1 Dex+1 SInv}
MPRegen  0.31/turn

@: studying 2 skills, repel missiles, quick
A: beak, claws 3, talons 1, iridescent scales 3, blurry vision 1, clarity,
clever 1, deterioration 1, ignite blood 3, low mp 1, strong-willed 1, poison
resistance, powered by pain 3, robust 3, MP-powered wands
0: Orb of Zot
}: 15/15 runes: serpentine, barnacled, slimy, silver, golden, iron, obsidian,
icy, bone, abyssal, demonic, glowing, magical, fiery, dark
a: Renounce Religion, Upheaval, Elemental Force


You escaped.
You worshipped Qazlal.
Qazlal was greatly pleased with you.
You visited 18 branches of the dungeon, and saw 90 of its levels.
You visited Pandemonium 2 times, and saw 10 of its levels.
You visited the Abyss 44 times.
You visited 1 bazaar.
You visited 1 ziggurat, and saw 11 of its levels.
You also visited: Ice Cave and Desolation.

You collected 18514 gold pieces.
You spent 4763 gold pieces at shops.

Inventory:

Hand Weapons
 r - a +9 demon whip of distortion (weapon)
 D - the +7 war axe of Iwijaip {vorpal, rElec rN+ Int+4 Dex-3}
   (You found it on level 7 of Tartarus)

   It inflicts extra damage upon your enemies.
   It affects your intelligence (+4).
   It affects your dexterity (-3).
   It insulates you from electricity.
   It protects you from negative energy.
 L - the +10 hand axe "Jellyslayer" {drain, rC+ Stlth+}
   (You found it in Pandemonium)

   A truly terrible weapon, it drains the life of those it strikes.
   It protects you from cold.
   It makes you more stealthy.
 S - the +14 obsidian axe {vorpal, *Drain +Fly SInv}
   (You found it on level 5 of the Pits of Slime)

   It inflicts extra damage upon your enemies.
   It lets you see invisible.
   It lets you fly.
   It causes draining when unequipped.
Armour
 p - the +0 mask of the Dragon {Will+ Slay+3 SInv}
   (You found it on level 7 of Cocytus)

   It affects your accuracy and damage with ranged weapons and melee attacks
   (+3).
   It affects your willpower, your defense against some magical effects.
   It lets you see invisible.
 u - the +8 plate armour "Puwusud" (worn) {Str+2}
   (You took it off a skeletal warrior on level 3 of the Crypt)

   It affects your strength (+2).
 v - the +1 pair of boots of the Unbroken {*Drain +Blink rPois Dex+2}
   (You found it on level 10 of a ziggurat)

   It affects your dexterity (+2).
   It protects you from poison.
   It lets you blink.
   It causes draining when unequipped.
 E - the +1 cloak "Bosut" (worn) {Str+4}
   (You found it in the Desolation of Salt)

   It affects your strength (+4).
 F - the -2 hat of the Alchemist (worn) {rElec rPois rF+ rC+ rN+ Will+ rMut rCorr}
   (You found it on level 7 of Tartarus)

   It protects you from fire.
   It protects you from cold.
   It insulates you from electricity.
   It protects you from poison.
   It protects you from negative energy.
   It affects your willpower, your defense against some magical effects.
   It provides partial protection from all sources of acid and corrosion.
   It protects you from mutation.
 J - a +2 pair of boots of running (worn)
 M - a +2 pair of boots of flying
 Y - the +18 shield of the Gong (worn) {rElec rN+ Will+ EV-5}
   (You acquired it on level 1 of the Shoals)

   It affects your evasion (-5).
   It insulates you from electricity.
   It protects you from negative energy.
   It affects your willpower, your defense against some magical effects.
Jewellery
 c - the ring of Ijadgh Waim {Ice Str+3 Stlth+}
   (You took it off a deep elf master archer on level 3 of the Elven Halls)

   [ring of ice]

   It enhances your ice magic.
   It affects your strength (+3).
   It makes you vulnerable to fire.
   It protects you from cold.
   It makes you more stealthy.
 h - the ring of Waris {Wiz rC+ Slay+2}
   (You found it in an ice cave)

   [ring of wizardry]

   It improves your spell success rate.
   It affects your accuracy and damage with ranged weapons and melee attacks
   (+2).
   It protects you from cold.
 x - the ring of Xoschif {Wiz *Corrode rElec rF+ rN+}
   (You acquired it on level 10 of a ziggurat)

   [ring of wizardry]

   It improves your spell success rate.
   It protects you from fire.
   It insulates you from electricity.
   It protects you from negative energy.
   It may corrode you when you take damage.
 C - the ring "Qeaheot" {rPois rC+ Str+3 SInv Stlth-}
   (You found it on level 4 of a ziggurat)

   [ring of protection from cold]

   It affects your strength (+3).
   It protects you from cold.
   It protects you from poison.
   It lets you see invisible.
   It makes you less stealthy.
 G - the amulet of Hufrum Guic {*Contam rElec rC+ Regen+ Str+5}
   (You found it on level 3 of the Tomb of the Ancients)

   [amulet of regeneration]

   It affects your strength (+5).
   It protects you from cold.
   It insulates you from electricity.
   It causes magical contamination when unequipped.
   It increases your rate of regeneration.
 I - the ring of Omiloik {rPois Str+3 SInv}
   (You found it in Pandemonium)

   [ring of see invisible]

   It affects your strength (+3).
   It protects you from poison.
   It lets you see invisible.
 K - the ring "Joneit" {rC+ Will+ SInv Stlth+}
   (You found it on level 3 of the Tomb of the Ancients)

   [ring of see invisible]

   It protects you from cold.
   It affects your willpower, your defense against some magical effects.
   It lets you see invisible.
   It makes you more stealthy.
 O - the ring of Xarr {rF+ rN+ Will+ Dex-3}
   (You took it off Nessos on level 13 of the Dungeon)

   [ring of willpower]

   It affects your dexterity (-3).
   It protects you from fire.
   It protects you from negative energy.
   It affects your willpower, your defense against some magical effects.
 Q - a ring of the Octopus King (right claw) {AC+1 EV+1 Str+1 Int+1 Dex+1 SInv}
   (You found it on level 5 of the Pits of Slime)

   [ring of see invisible]

   It affects your AC (+1).
   It affects your evasion (+1).
   It affects your strength (+1).
   It affects your intelligence (+1).
   It affects your dexterity (+1).
   It lets you see invisible.
 R - the amulet of the Cicada (around neck) {Reflect rN+ SH+5}
   (You took it off an ironbrand convoker on level 4 of the Vaults)

   [amulet of reflection]

   It shields you and reflects attacks.
   It protects you from negative energy.
   It affects your SH (+5).
 U - the ring "Wuriudgh" (left claw) {rF+ Str+2 Slay+3 Stlth+}
   (You found it in the Desolation of Salt)

   [ring of stealth]

   It affects your strength (+2).
   It affects your accuracy and damage with ranged weapons and melee attacks
   (+3).
   It protects you from fire.
   It makes you more stealthy.
 V - the ring of the Curious Suns {MP+9 Int+3 Dex+4}
   (You took it off a crimson imp on level 7 of Gehenna)

   [ring of obsoleteness]

   It affects your intelligence (+3).
   It affects your dexterity (+4).
   It affects your magic capacity (+9).
Wands
 W - a wand of iceblast (3)
Scrolls
 a - 20 scrolls of identify
 b - 18 scrolls of fear
 g - 6 scrolls of blinking
 j - 14 scrolls of teleportation
 s - a scroll of summoning
 w - 42 scrolls of remove curse
 y - 15 scrolls of fog
 z - 3 scrolls of amnesia
 N - 3 scrolls of magic mapping
 X - 4 scrolls of silence
Potions
 d - 4 potions of berserk rage
 e - 16 potions of cancellation
 k - 7 potions of magic
 m - 18 potions of curing
 q - a potion of resistance
 t - 16 potions of brilliance
 A - 2 potions of invisibility
 H - 8 potions of might
 T - 4 potions of mutation
 Z - a potion of heal wounds
Miscellaneous
 f - a box of beasts
 i - a tin of tremorstones (inert)
 l - a lightning rod (4/4)
 o - a figurine of a ziggurat
 B - a condenser vane
 P - a phantom mirror


   Skills:
 O Level 27 Fighting
 + Level 1.6(2.3) Short Blades
 + Level 2.3(2.7) Long Blades
 * Level 14.7(22.4) Axes
 O Level 27 Maces & Flails
 + Level 1.4(10.0) Polearms
 + Level 1.7(18.8) Staves
 + Level 2.2(12.4) Slings
 + Level 2.4 Bows
 + Level 2.4 Crossbows
 + Level 18.1(18.2) Throwing
 O Level 27 Armour
 O Level 27 Dodging
 - Level 16.6 Stealth
 O Level 27 Shields
 + Level 2.1 Unarmed Combat
 O Level 27 Spellcasting
 + Level 2.5 Conjurations
 + Level 2.5 Hexes
 + Level 2.4 Summonings
 + Level 2.9 Necromancy
 + Level 2.0 Translocations
 + Level 2.3 Transmutations
 + Level 2.2 Fire Magic
 + Level 2.2 Ice Magic
 + Level 2.3 Air Magic
 O Level 27 Earth Magic
 + Level 2.5 Poison Magic
 O Level 27 Invocations
 O Level 27 Evocations


You had 62 spell levels left.
You knew the following spells:

 Your Spells              Type           Power        Failure   Level
a - Shatter               Erth           44%          6%          9
b - Stone Arrow           Conj/Erth      100%         1%          3
c - Iron Shot             Conj/Erth      33%          1%          6

Your spell library contained the following spells:

 Spells                   Type           Power        Failure   Level
 Sandblast                Erth           100%         0%          1
 Passwall                 Tmut/Erth      55%          0%          2
 Lee's Rapid Deconstruct  Erth           44%          0%          5
 Animate Skeleton         Necr           68%          1%          1
 Apportation              Tloc           62%          1%          1
 Beastly Appendage        Tmut           64%          1%          1
 Corona                   Hex            36%          1%          1
 Foxfire                  Conj/Fire      100%         1%          1
 Freeze                   Ice            100%         1%          1
 Magic Dart               Conj           100%         1%          1
 Pain                     Necr           100%         1%          1
 Shock                    Conj/Air       100%         1%          1
 Sting                    Tmut/Pois      100%         1%          1
 Summon Small Mammal      Summ           100%         1%          1
 Corpse Rot               Necr/Air       N/A          1%          2
 Searing Ray              Conj           66%          1%          2
 Slow                     Hex            33%          1%          2
 Sublimation of Blood     Necr           17%          1%          2
 Animate Armour           Summ/Erth      100%         1%          4
 Leda's Liquefaction      Hex/Erth       33%          1%          4
 Petrify                  Tmut/Erth      67%          1%          4
 Bolt of Magma            Conj/Fire/Erth 29%          1%          5
 Borgnjor's Vile Clutch   Necr/Erth      33%          1%          5
 Statue Form              Tmut/Erth      44%          1%          6
 Blink                    Tloc           N/A          2%          2
 Call Imp                 Summ           33%          2%          2
 Ensorcelled Hibernation  Hex/Ice        64%          2%          2
 Poisonous Vapours        Pois/Air       66%          2%          2
 Swiftness                Air            32%          2%          2
 Wereblood                Tmut           32%          2%          2
 Vampiric Draining        Necr           17%          3%          3
 Call Canine Familiar     Summ           33%          4%          3
 Confusing Touch          Hex            33%          4%          3
 Conjure Flame            Conj/Fire      32%          4%          3
 Dazzling Flash           Conj/Hex       66%          4%          3
 Gell's Gravitas          Tloc           15%          4%          3
 Ignite Poison            Fire/Tmut/Pois 32%          4%          3
 Inner Flame              Hex/Fire       32%          4%          3
 Lesser Beckoning         Tloc           15%          4%          3
 Mephitic Cloud           Conj/Pois/Air  33%          4%          3
 Ozocubu's Armour         Ice            32%          4%          3
 Portal Projectile        Hex/Tloc       64%          4%          3
 Spider Form              Tmut/Pois      16%          4%          3
 Static Discharge         Conj/Air       33%          4%          3
 Summon Guardian Golem    Hex/Summ       33%          4%          3
 Teleport Other           Tloc           31%          4%          3
 Tukima's Dance           Hex            33%          4%          3
 Animate Dead             Necr           17%          12%         4
 Airstrike                Air            16%          14%         4
 Cause Fear               Hex            16%          14%         4
 Fulminant Prism          Conj/Hex       16%          14%         4
 Hailstorm                Conj/Ice       33%          14%         4
 Olgreb's Toxic Radiance  Pois           33%          14%         4
 Sticky Flame             Conj/Fire      32%          14%         4
 Summon Ice Beast         Ice/Summ       32%          14%         4
 Summon Lightning Spire   Summ/Air       33%          14%         4
 Ice Form                 Ice/Tmut       32%          16%         4
 Iskenderun's Mystic Bla  Conj/Tloc      32%          16%         4
 Passage of Golubria      Tloc           N/A          17%         4
 Agony                    Necr           34%          32%         5
 Irradiate                Conj/Tmut      16%          36%         5
 Iskenderun's Battlesphe  Conj           33%          36%         5
 Lightning Bolt           Conj/Air       16%          36%         5
 Silence                  Hex/Air        16%          36%         5
 Summon Mana Viper        Hex/Summ       33%          36%         5
 Alistair's Intoxication  Tmut/Pois      21%          38%         5
 Blade Hands              Tmut           16%          38%         5
 Fireball                 Conj/Fire      16%          38%         5
 Metabolic Englaciation   Hex/Ice        16%          38%         5
 Summon Forest            Summ/Tloc      16%          38%         5
 Yara's Violent Unravell  Hex/Tmut       16%          38%         5
 Lehudib's Crystal Spear  Conj/Erth      33%          52%         8
 Death Channel            Necr           17%          87%         6
 Simulacrum               Ice/Necr       16%          90%         6
 Conjure Ball Lightning   Conj/Air       16%          91%         6
 Invisibility             Hex            33%          91%         6
 Shadow Creatures         Summ           N/A          91%         6
 Eringya's Noxious Bog    Tmut/Pois      16%          92%         6
 Freezing Cloud           Conj/Ice/Air   16%          92%         6
 Starburst                Conj/Fire      16%          92%         6
 Hydra Form               Tmut           16%          93%         6
 Dispersal                Tloc           15%          95%         6
 Dragon Form              Tmut           16%          100%        7
 Haunt                    Necr/Summ      17%          100%        7
 Malign Gateway           Summ/Tloc      16%          100%        7
 Monstrous Menagerie      Summ           16%          100%        7
 Orb of Destruction       Conj           16%          100%        7
 Spellforged Servitor     Conj/Summ      16%          100%        7
 Summon Hydra             Summ           16%          100%        7
 Chain Lightning          Conj/Air       16%          100%        8
 Discord                  Hex            16%          100%        8
 Disjunction              Tloc           15%          100%        8
 Ignition                 Fire           16%          100%        8
 Summon Horrible Things   Summ           16%          100%        8
 Absolute Zero            Ice            16%          100%        9
 Dragon's Call            Summ           16%          100%        9
 Fire Storm               Conj/Fire      16%          100%        9
 Tornado                  Air            16%          100%        9


Dungeon Overview and Level Annotations

Branches:
Dungeon (15/15)            Temple (1/1) D:4            Lair (6/6) D:11
 Shoals (4/4) Lair:2        Snake (4/4) Lair:3        Slime (5/5) Lair:6
    Orc (2/2) D:9             Elf (3/3) Orc:2        Vaults (5/5) D:13
  Crypt (3/3) Vaults:3       Tomb (3/3) Crypt:3      Depths (5/5) D:15
   Hell (visited)             Dis (7/7) Hell            Geh (7/7) Hell
    Coc (7/7) Hell            Tar (7/7) Hell            Zot (5/5) Depths:5
  IceCv (visited)         Desolation (visited)

Altars:
Dithmenos
Elyvilon
Fedhas
Gozag
Hepliaklqana
Nemelex Xobeh
Okawaru
Qazlal
Ru
Sif Muna
Trog
Vehumet
Xom
Yredelemnul
The Shining One
Beogh
Jiyva

Shops:
D:7 [   Orc:2 ([*:   Elf:1 =!   Elf:2 x[x:=   Shoals:1 x   Shoals:2 :
Shoals:3 !   Shoals:4 [   Snake:4 [[[=   Vaults:4 !

Portals:
Hell: Hell Depths:1 Depths:2 Depths:3 Depths:4 Depths:5
Abyss: Depths:1 Depths:2 Depths:3 Depths:4 Depths:5
Pandemonium: Depths:3 Depths:4
Trove: Depths:3 (give +3 gold dragon scales)

Annotations:
Dis:7 Dispater


Innate Abilities, Weirdness & Mutations

You have claws for hands.
You are completely covered in iridescent scales. (AC +6)
Your demonic aura causes all spilled blood to erupt in flames.
You are powered by pain.
You are extremely robust. (+30% HP)
You have a beak for a mouth.
You have sharp toenails.
Scrolls take you a little longer to read.
You possess an exceptional clarity of mind.
Your mind is acute. (Int +2)
Your body sometimes deteriorates upon taking damage.
Your magical capacity is low. (-10% MP)
You are strong-willed. (Will+)
Your system is resistant to poisons. (rPois)
You expend magic power (3 MP) to strengthen your wands.


Message History

There is a stone staircase leading up, spattered with blood here.
You climb upwards.
There is a stone staircase leading down here.
Things that are here:
a +2 robe; the kobold brigand skeleton of Pikel
There is a stone staircase leading up here.
You climb upwards.
There is a stone staircase leading down here.
You see here a whip.
There is a stone staircase leading up here.
You climb upwards.
There is a stone staircase leading down here.
Your extra speed is starting to run out.
There is an open door here.
You see here a leather armour.
You feel yourself slow down.
There is an open door here.
There is an open door here.
There is a staircase leading out of the dungeon here.
You have escaped!

.# #.#..####''####..####...## .#
#.#..###....###..........#
.######.#..##......##.........##
........#..##.⌠..⌠.##...#.##.####
.########..#........#.....##.....
.# #..#.⌠....⌠.#..#####.#### .#
#..#...##...#..# #.# .#
#..#..####..#..# #.# ##
#..+..+>@'..'..# #.#
#..#..####☼§#..### #.# ##
#(.#...##...#....# #.# .#####
#..#.⌠....⌠.#..#.###.#### .....#
#..#........#............ .###.#
#..##.⌠..⌠.##..#.###.#### .# #.#
#..##......##..#.##.).##
.###.####..###....###..#.#.....#
...........####''####....##...##


There were no monsters in sight!

Vanquished Creatures
  Cerebov (Pan)
  Asmodeus (Depths:1)
  Antaeus (Coc:7)
  the Royal Jelly (Slime:5)
  Gloorx Vloq (Pan)
  Ereshkigal (Abyss:1)
  A seraph (Pan)
  the Serpent of Hell (Geh:7)
  Mnoleg (Pan)
  Lom Lobon (Pan)
  5 dread liches
  Khufu (Tomb:3)
  6 orbs of fire
  Mennas (Pan)
  8 ancient liches
  2 juggernauts
  Sojobo (Tomb:1)
  Boris (twice) (Crypt:1 Crypt:3)
  31 royal mummies
  7 Killer Klowns
  Frederick (Vaults:4)
  38 shard shrikes
  3 pandemonium lords
  3 curse toes
  Saint Roka (Vaults:3)
  Margery (Crypt:3)
  The ghost of Lopreidd the Cloud Mage, a veteran TeAM of Hepliaklqana (Vaults:1)
  Geryon (Hell)
  The ghost of Cingelitt the Warrior, an adept DgCj (Depths:1)
  9 golden dragons
  Jory (Crypt:3)
  7 profane servitors
  56 bone dragons
  59 Brimstone Fiends
  A pearl dragon (Pan)
  7 electric golems
  65 Tzitzimimeh
  21 doom hounds
  5 hellephants
  25 tentacled monstrosities
  Jorgrun (Orc:2)
  6 iron giants
  12 Hell Sentinels
  Rupert (Lair:3)
  41 liches
  28 Orb Guardians
  36 Ice Fiends
  17 quicksilver dragons
  4 deep elf blademasters
  23 acid blobs
  2 deep elf master archers (Elf:3)
  5 titans
  7 death cobs
  37 Executioners
  Polyphemus (Shoals:2)
  15 ancient champions
  A kraken (Abyss:3)
  11 sphinxes
  15 storm dragons
  The ghost of finalsalamander the Severer, an adept HOMo of Beogh (Shoals:2)
  131 tentacled starspawn
  10 draconian monks
  7 tengu reavers
  27 shadow dragons
  7 revenants
  10 daevas
  A fenstrider witch (Zig:8)
  9 azure jellies
  8 fire giants
  5 draconian knights
  15 nagarajas
  3 ghost moths
  8 deep elf sorcerers
  11 iron dragons
  45 balrugs
  14 frost giants
  3 black suns
  2 orc warlords
  16 vault wardens
  5 imperial myrmidons (Desolation)
  4 deep elf elementalists (Elf:3)
  14 draconian scorchers
  7 warmongers (Pan)
  13 ironheart preservers
  11 draconian shifters
  24 cacodemons
  12 ghouls
  32 angels
  4 curse skulls
  10 draconian stormcallers
  23 war gargoyles
  73 very ugly things
  12 draconian annihilators
  153 reapers
  4 spriggan defenders
  3 blood saints (Pan)
  24 stone giants
  2 juggernaut skeletons
  17 ophanim
  12 bennus
  4 elemental wellsprings
  9 deep elf demonologists
  13 lorocyprocas
  19 vampire knights
  14 green draconians
  9 deep elf annihilators
  Nessos (D:13)
  18 apis
  27 purple draconians
  13 black draconians
  5 corrupters (Pan)
  14 white draconians
  A bunyip (Zig:3)
  19 red draconians
  2 entropy weavers
  A spark wasp (Depths:3)
  13 yellow draconians
  5 merfolk javelineers
  47 blizzard demons
  6 deep elf death magi
  10 ettins
  30 mummy priests
  7 merfolk impalers
  11 quicksilver dragon zombies
  6 eidola
  An eleionoma (Zig:3)
  4 crystal guardians
  36 jiangshi
  A great orb of eyes (shapeshifter) (Abyss:1)
  12 death oozes
  17 green deaths
  13 fire dragons
  6 deep elf high priests
  5 monstrous demonspawn
  Josephine (D:13)
  26 great orbs of eyes
  3 servants of whispers (Desolation)
  5 kraken zombies
  97 slime creatures
  4 hydras
  2 shambling mangroves
  33 rakshasas
  3 ragged hierophants (Desolation)
  2 hell beasts
  8 boulder beetles
  A juggernaut simulacrum (Pan)
  20 quicksilver dragon skeletons
  23 yaktaur captains
  31 vault guards
  18 naga warriors
  5 ghost crabs
  A merfolk avatar (Shoals:4)
  9 peacekeepers (Desolation)
  A catoblepas (Shoals:1)
  17 ogre magi
  33 ice dragons
  A spectral fire giant (Crypt:3)
  2 merfolk aquamancers (Shoals:4)
  6 spriggan air magi
  10 anacondas
  37 two-headed ogres
  33 dancing weapons
  5 alligator snapping turtles
  3 satyrs
  6 centaur warriors
  58 death scarabs
  14 death knights
  9 deep troll shamans
  24 vampire magi
  14 deep troll earth magi
  4 orc high priests (Orc:2)
  71 thrashing horrors
  2 death yaks
  12 titan zombies
  9 shock serpents
  24 deep elf knights
  3 spriggan berserkers
  15 naga sharpshooters
  83 sun demons
  78 hell hogs
  48 soul eaters
  14 storm dragon zombies
  93 hell knights
  3 iron golems (Dis:7)
  11 titan skeletons
  134 wretched stars
  52 sixfirhies
  16 spatial maelstroms
  A fire crab (Abyss:3)
  6 ghost moth zombies
  15 shadow wraiths
  11 storm dragon skeletons
  269 skeletal warriors
  13 golden dragon zombies
  4 death drakes
  2 quicksilver dragon simulacra
  17 cherubim (Pan)
  21 glowing orange brains
  18 anaconda zombies
  26 shadow demons
  An unseen horror (shapeshifter) (D:13)
  11 iron trolls
  12 unseen horrors
  35 flayed ghosts
  27 deep trolls
  A death drake (shapeshifter) (Depths:2)
  13 wizards
  2 glowing orange brains (shapeshifter)
  3 torturous demonspawn (Pan)
  19 sea snakes
  6 obsidian statues
  9 deep elf archers
  8 gelid demonspawn
  6 infernal demonspawn
  30 necromancers
  10 golden dragon skeletons
  A kraken simulacrum (Coc:2)
  A spectral hydra (Crypt:3)
  2 swamp dragons (Zig:8)
  19 harpies
  A lindwurm (Lair:4)
  28 phantasmal warriors
  14 orc knights
  14 shadow dragon zombies
  17 wolf spider zombies
  35 deep elf zephyrmancers
  312 starcursed masses
  16 anaconda skeletons
  Pikel (D:3)
  22 ironbrand convokers
  2 orange crystal statues
  36 deep elf pyromancers
  An orb spider (Abyss:2)
  10 iron dragon zombies
  8 naga ritualists
  A wolf spider (shapeshifter) (Depths:1)
  8 orc sorcerers
  30 ugly things
  2 fauns (shapeshifter)
  An oklob plant (Lair:5)
  25 stone giant zombies
  6 shining eyes
  13 fauns
  328 large abominations
  14 mana vipers
  3 salamanders (shapeshifter)
  10 shadow dragon skeletons
  20 frost giant zombies
  15 fire giant zombies
  8 cyclopes
  14 manticores
  2 shining eyes (shapeshifter)
  10 will-o-the-wisps
  5 wolf spiders
  A cyclops (shapeshifter) (Zig:10)
  An elephant (shapeshifter) (Depths:5)
  47 worldbinders
  5 salamanders
  26 moths of wrath
  30 black mambas
  A centaur zombie (D:15)
  3 elephants (Lair:4)
  7 iron dragon skeletons
  5 merfolk sirens
  22 fire giant skeletons
  5 elf zombies
  2 toenail golems
  11 vault sentinels
  12 molten gargoyles
  9 shock serpent zombies
  Maurice (Orc:1)
  A black mamba (shapeshifter) (Abyss:3)
  3 eyes of devastation
  17 dire elephant zombies
  128 smoke demons
  19 stone giant skeletons
  22 apocalypse crabs
  4 titan simulacra
  15 frost giant skeletons
  19 guardian serpents
  25 cane toads
  7 water nymphs
  A water nymph (shapeshifter) (Abyss:1)
  4 ice statues
  71 rust devils
  14 naga magi
  An eye of devastation (shapeshifter) (Zig:10)
  46 orange demons
  2 gargoyles
  3 catoblepas zombies
  11 dire elephant skeletons
  7 kobold demonologists
  10 emperor scorpion zombies
  A centaur skeleton (D:13)
  A storm dragon simulacrum (Coc:5)
  A yaktaur zombie (Hell)
  A rime drake (shapeshifter) (Vaults:3)
  5 spectral swamp worms (Depths:3)
  6 demonic crawlers
  A rime drake (Lair:2)
  41 efreet
  91 hellions
  A purple draconian zombie (Crypt:1)
  A grey draconian zombie (Crypt:1)
  2 shock serpent skeletons
  83 yaktaurs
  67 ice devils
  40 hellwings
  101 ancient zymes
  2 catoblepas skeletons
  110 freezing wraiths
  2 komodo dragons (shapeshifter)
  125 tormentors
  A yaktaur (shapeshifter) (Abyss:1)
  11 anaconda simulacra
  6 komodo dragons
  9 trolls
  A ghost moth simulacrum (Coc:7)
  3 golden dragon simulacra
  45 guardian mummies
  15 merfolk
  69 red devils
  36 hydra zombies
  7 tyrant leeches
  8 silent spectres
  10 hornets
  4 polar bears
  A troll (shapeshifter) (D:14)
  10 harpy zombies
  6 wind drakes
  4 harpy skeletons
  A meliai (shapeshifter) (Abyss:1)
  2 shadow dragon simulacra
  A tyrant leech (shapeshifter) (Vaults:4)
  3 hornets (shapeshifter)
  A snapping turtle (shapeshifter) (Vaults:5)
  A sphinx simulacrum (Vaults:2)
  A blink frog (shapeshifter) (Depths:2)
  A wolf spider simulacrum (Coc:7)
  15 hydra skeletons
  43 saltlings (Desolation)
  54 blink frogs
  3 fire giant simulacra
  A slime creature (shapeshifter) (Vaults:2)
  2 deep troll zombies (Hell)
  14 fire dragon zombies
  7 snapping turtles
  17 ettin zombies
  16 alligator zombies
  142 raiju
  18 ice dragon zombies
  12 dream sheep
  A stone giant simulacrum (Abyss:3)
  7 air elementals
  96 shadows
  A shock serpent simulacrum (Coc:1)
  391 flying skulls
  10 black mamba zombies
  Sigmund (D:2)
  13 ettin skeletons
  15 alligator skeletons
  26 water elementals
  A spectral black mamba (Crypt:3)
  8 vampires
  32 ushabtiu
  12 ice dragon skeletons
  106 wraiths
  100 ynoxinuls
  3 redbacks
  A basilisk (shapeshifter) (Abyss:1)
  A yak (shapeshifter) (Abyss:4)
  41 fire elementals
  19 fire dragon skeletons
  A hog (shapeshifter) (Abyss:2)
  A human (Shoals:1)
  4 black mamba skeletons
  5 wyverns
  A hog (Shoals:1)
  6 basilisks
  6 spriggans
  44 yaks
  A golden eye (shapeshifter) (Vaults:2)
  A steam dragon (Lair:3)
  66 chaos spawn
  2 death yak simulacra (IceCv)
  2 emperor scorpion simulacra
  14 fire bats
  12 golden eyes
  77 neqoxecs
  9 vampire mosquitoes
  2 yaktaur simulacra
  6 wargs
  5 harpy simulacra (IceCv)
  A swamp worm (shapeshifter) (Vaults:3)
  10 hydra simulacra
  A gelid demonspawn zombie (Tar:6)
  An iron troll simulacrum (IceCv)
  A merfolk zombie (Coc:7)
  51 nagas
  14 spatial vortices
  4 acid dragons
  16 cane toad zombies
  A soldier ant (shapeshifter) (Abyss:2)
  11 water moccasins
  A floating eye (Pan)
  178 hell hounds
  A gelid demonspawn skeleton (Tar:4)
  A torturous demonspawn skeleton (Crypt:2)
  A two-headed ogre skeleton (Crypt:2)
  3 merfolk skeletons
  A hornet zombie (D:10)
  23 ice beasts
  49 orc warriors
  12 snapping turtle zombies
  4 swamp dragon zombies
  14 cane toad skeletons
  6 sky beasts
  8 manticore zombies
  4 black bears
  An eye of draining (shapeshifter) (Abyss:3)
  75 necrophages
  A black bear (shapeshifter) (Vaults:4)
  A fire dragon simulacrum (Crypt:2)
  19 phantoms
  16 eyes of draining
  5 alligator simulacra
  40 ogres
  14 snapping turtle skeletons
  20 boggarts
  An ettin simulacrum (Coc:3)
  26 wolves
  28 centaurs
  12 manticore skeletons
  A blink frog skeleton (Crypt:1)
  2 swamp dragon skeletons
  3 lemures
  A rime drake zombie (Crypt:2)
  13 human skeletons
  14 kobold brigands
  Blork the orc (D:14)
  34 bullfrogs
  4 earth elementals
  A torturous demonspawn simulacrum (Coc:2)
  2 human simulacra
  A wyvern zombie (Crypt:2)
  An elf skeleton (Geh:6)
  3 cane toad simulacra
  A wyvern skeleton (D:10)
  2 troll zombies
  2 scorpions
  A snapping turtle simulacrum (Coc:7)
  A water moccasin skeleton (D:7)
  A swamp dragon simulacrum (Coc:2)
  A troll skeleton (Coc:6)
  11 killer bees
  A manticore simulacrum (Hell)
  3 spriggan skeletons
  230 wights
  An elephant simulacrum (IceCv)
  A howler monkey (D:11)
  2 electric eels (D:13)
  16 crimson imps
  38 quasits
  A gnoll shaman (D:7)
  5 human zombies
  2 bullfrog zombies
  4 draconian simulacra (IceCv)
  29 orc priests
  4 hounds
  116 iron imps
  11 jellies
  A bullfrog skeleton (D:13)
  11 iguanas
  28 orc wizards
  2 demonspawn skeletons
  6 hell rats
  A lightning spire (Zot:2)
  3 spriggan simulacra
  9 worker ants
  3 troll simulacra (IceCv)
  A killer bee zombie (D:6)
  2 naga zombies
  2 ogre zombies
  230 small abominations
  3 tengu zombies
  2 centaur simulacra (IceCv)
  2 naga skeletons
  A dwarf skeleton (Crypt:1)
  A tengu skeleton (Geh:4)
  A hound skeleton (D:6)
  53 mummies
  A worker ant zombie (D:5)
  A howler monkey zombie (D:10)
  5 gnolls (D:7)
  8 adders
  5 naga simulacra (IceCv)
  5 ogre simulacra (IceCv)
  34 shadow imps
  78 white imps
  3 oozes
  45 ufetubi
  A worm (shapeshifter) (Abyss:4)
  2 worms
  A dart slug (D:3)
  5 leopard geckos
  108 orcs
  A ball python (D:3)
  8 bats
  2 bat zombies (Shoals:3)
  4 giant cockroaches
  10 goblins
  11 hobgoblins
  9 jackals
  4 quokkas
  5 frilled lizards
  32 kobolds
  A kobold skeleton (Tar:4)
  A kobold zombie (Geh:6)
  A leopard gecko skeleton (D:6)
  3 orc skeletons
  4 orc zombies
  8 rats
  A river rat skeleton (Crypt:1)
  9 lurking horrors
  14 pillars of salt (Elf:2)
  82 starspawn tentacles
  10 tentacles
9898 creatures vanquished.

Vanquished Creatures (collateral kills)
  2 caustic shrikes
  A golden dragon (Zot:5)
  the Enchantress (Depths:1)
  An acid blob (Slime:4)
  2 death cobs
  2 tentacled starspawn
  A shadow dragon (Zot:2)
  Kirke (Shoals:1)
  An azure jelly (Slime:4)
  A frost giant (Vaults:2)
  A draconian knight (Zot:4)
  A cacodemon (Abyss:1)
  A deep elf elementalist (Elf:3)
  An angel (Pan)
  2 reapers
  A draconian stormcaller (Abyss:4)
  A deep elf demonologist (Abyss:4)
  2 green draconians
  3 black draconians
  A merfolk javelineer (Shoals:4)
  A deep elf death mage (Elf:3)
  A merfolk impaler (Shoals:4)
  A jiangshi (Crypt:3)
  2 servants of whispers (Desolation)
  A naga warrior (Snake:4)
  A spriggan air mage (Depths:1)
  A merfolk aquamancer (Shoals:4)
  A thrashing horror (Abyss:4)
  A deep troll earth mage (Depths:2)
  3 large abominations
  A skeletal warrior (D:11)
  A sea snake (Shoals:1)
  A wolf spider zombie (Geh:7)
  2 ugly things (Abyss:1)
  3 fauns (Shoals:1)
  A smoke demon (Abyss:2)
  A hellion (Dis:5)
  A guardian mummy (Tomb:1)
  6 saltlings (Desolation)
  2 raiju
  2 snapping turtles
  A ynoxinul (Abyss:3)
  A golden eye (Abyss:2)
  A hog (Shoals:1)
  2 chaos spawn (Abyss:3)
  3 small abominations
  2 mummies (Tomb:1)
  3 orcs (Orc:2)
74 creatures vanquished.

Vanquished Creatures (others)
  A tentacled starspawn (Abyss:2)
  2 tengu reavers
  A vault warden (Vaults:1)
  A green draconian (Zot:2)
  2 rakshasas
  A merfolk aquamancer (Shoals:4)
  5 hell hogs
  A hell knight (Depths:4)
  2 deep elf knights
  A deep elf archer (Elf:3)
  A necromancer (Geh:1)
  An ironbrand convoker (Vaults:2)
  6 deep elf pyromancers
  A deep elf zephyrmancer (Vaults:2)
  A wizard (Pan)
  A manticore (Shoals:1)
  An orange demon (Abyss:1)
  2 smoke demons
  A vault sentinel (Vaults:5)
  A hellion (Geh:1)
  An ice devil (IceCv)
  A merfolk (Shoals:1)
  A saltling (Desolation)
  A blink frog (Abyss:3)
  A slime creature (Abyss:3)
  A raiju (Abyss:2)
  2 starcursed masses (Abyss:1)
  A flying skull (Crypt:3)
  An ice dragon skeleton (Geh:7)
  2 ynoxinuls
  A shadow (Geh:2)
  A water elemental (Abyss:2)
  2 chaos spawn
  3 golden eyes
  2 neqoxecs
  A hell hound (Dis:7)
  2 large abominations
  An orc warrior (Vaults:5)
  3 ogres
  14 small abominations
  A kobold brigand (Abyss:2)
  3 wights
  2 crimson imps
  A quasit (Abyss:1)
  2 iron imps
  A human skeleton (Geh:4)
  An ufetubus (IceCv)
  An orc (Vaults:1)
  2 bushes
  13 demonic plants
  44 foxfires
  49 fungi
  14 lurking horrors
  229 plants
  413 starspawn tentacles
  47 tentacles
  2 withered plants (Vaults:1)
900 creatures vanquished.

Grand Total: 10872 creatures vanquished

Notes
Turn   | Place    | Note
-------+----------+-------------------------------------------
     0 | D:1      | cgasp the Demonspawn Gladiator began the quest for the Orb.
     0 | D:1      | Reached XP level 1. HP: 16/16 MP: 1/1
   303 | D:1      | Gained mutation: You sometimes gain a little power by
                  | taking damage. [demonic ancestry]
   303 | D:1      | Reached XP level 2. HP: 22/22 MP: 2/2
  1346 | D:2      | Gained mutation: Your demonic aura sometimes causes spilled
                  | blood to erupt in flames [demonic ancestry]
  1346 | D:2      | Reached XP level 3. HP: 26/28 MP: 3/3
  1405 | D:2      | Found a sparkling altar of Nemelex Xobeh.
  1408 | D:2      | Reached skill level 1 in Armour
  1723 | D:2      | Noticed Sigmund
  1790 | D:2      | Killed Sigmund
  1791 | D:2      | Reached XP level 4. HP: 33/34 MP: 4/4
  1791 | D:2      | Reached XP level 5. HP: 38/39 MP: 5/5
  2457 | D:3      | Noticed a centaur
  2870 | D:3      | Gained mutation: Your demonic aura often causes spilled
                  | blood to erupt in flames [demonic ancestry]
  2870 | D:3      | Reached XP level 6. HP: 46/46 MP: 6/6
  4065 | D:3      | Gained mutation: Your demonic aura causes all spilled blood
                  | to erupt in flames. [demonic ancestry]
  4065 | D:3      | Reached XP level 7. HP: 39/52 MP: 7/7
  4290 | D:4      | Reached skill level 5 in Axes
  4409 | D:4      | Noticed Pikel
  5620 | D:4      | Found a staircase to the Ecumenical Temple.
  5834 | Temple   | Entered the Ecumenical Temple
  5858 | Temple   | Became a worshipper of Qazlal Stormbringer
  6032 | D:3      | Killed Pikel
  6033 | D:3      | Reached skill level 1 in Slings
  6033 | D:3      | Gained mutation: You sometimes gain power by taking damage.
                  | [demonic ancestry]
  6033 | D:3      | Reached XP level 8. HP: 25/60 MP: 7/9
  6263 | D:5      | Entered Level 5 of the Dungeon
  6823 | D:5      | Reached skill level 5 in Armour
  7023 | D:5      | Found the +5 demon whip "Spellbinder" {antimagic, Will+}
  7573 | D:5      | Found the ring of the Hare {EV+8}
  7874 | D:6      | Found a shimmering blue altar of Sif Muna.
  7928 | D:6      | Reached skill level 1 in Maces & Flails
  8768 | D:7      | Reached XP level 9. HP: 65/65 MP: 4/12
  8865 | D:7      | Reached * piety under Qazlal
  8886 | D:7      | Noticed a troll
  8924 | D:6      | Reached skill level 5 in Invocations
  9585 | D:7      | Found Fonep's Armour Boutique.
  9761 | D:6      | Killed a troll
  9989 | D:8      | Reached skill level 5 in Throwing
 10167 | D:8      | Reached ** piety under Qazlal
 10387 | D:8      | Found a sacrificial altar of Ru.
 10591 | D:8      | Reached XP level 10. HP: 71/73 MP: 4/14
 10880 | D:9      | Reached skill level 5 in Maces & Flails
 11247 | D:9      | Found a staircase to the Orcish Mines.
 11452 | D:9      | Found a bloodstained altar of Trog.
 11586 | D:10     | Entered Level 10 of the Dungeon
 11650 | D:10     | Reached skill level 5 in Fighting
 12353 | D:10     | Reached *** piety under Qazlal
 12645 | D:10     | You fall into a shaft and drop 2 floors!
 13236 | D:11     | Noticed a death knight
 13272 | D:11     | Noticed a boulder beetle
 13322 | D:11     | Killed a boulder beetle
 13323 | D:11     | Reached skill level 1 in Shields
 13424 | D:11     | Noticed a phantasmal warrior
 13434 | D:11     | Killed a phantasmal warrior
 13630 | Orc:1    | Entered Level 1 of the Orcish Mines
 13752 | D:9      | Reached XP level 11. HP: 79/80 MP: 8/17
 13997 | Orc:1    | Noticed Maurice
 14013 | Orc:1    | Killed Maurice
 14648 | D:11     | Noticed a green ugly thing
 14662 | D:11     | Killed a green ugly thing
 15029 | D:11     | Noticed a brown ugly thing
 15042 | D:11     | Killed a brown ugly thing
 15132 | D:11     | Noticed a skeletal warrior
 15547 | D:11     | Found a staircase to the Lair.
 15695 | D:11     | Killed a skeletal warrior
 15863 | D:11     | Killed a death knight
 15941 | D:11     | Killed an unseen horror
 16394 | Lair:1   | Entered Level 1 of the Lair of Beasts
 16488 | Lair:1   | Reached skill level 1 in Evocations
 16517 | Lair:1   | Reached **** piety under Qazlal
 17194 | Lair:2   | Reached XP level 12. HP: 78/88 MP: 9/19
 17195 | Lair:2   | Noticed a six-headed hydra
 17208 | Lair:1   | Killed a six-headed hydra
 17317 | Lair:2   | Found a staircase to the Shoals.
 17708 | Lair:2   | Reached skill level 10 in Invocations
 18545 | Lair:3   | Reached skill level 10 in Armour
 18657 | Lair:3   | Found a staircase to the Snake Pit.
 18722 | Lair:3   | Noticed Rupert
 18733 | Lair:3   | Killed Rupert
 18950 | Orc:2    | Entered Level 2 of the Orcish Mines
 18999 | Orc:2    | Noticed an orc high priest
 19105 | Orc:2    | Noticed an orc high priest
 19218 | Orc:2    | Killed an orc high priest
 19220 | Orc:2    | Killed an orc high priest
 19221 | Orc:2    | Gained mutation: You have sharp fingernails. [demonic
                  | ancestry]
 19221 | Orc:2    | Reached XP level 13. HP: 88/96 MP: 10/21
 19620 | Orc:1    | Reached ***** piety under Qazlal
 20105 | Orc:2    | Noticed an orc warlord
 20134 | Orc:2    | Killed an orc warlord
 20135 | Orc:2    | Reached skill level 10 in Maces & Flails
 20628 | Orc:2    | Found Lotem's General Store.
 20629 | Orc:2    | Found Yhenubat's Book Shop.
 20630 | Orc:2    | Found Tuaruesk's Antique Armour Boutique.
 20630 | Orc:2    | Found Ekicremp's Antique Weapon Boutique.
 20634 | Orc:2    | Bought a pair of ancient boots for 294 gold pieces
 20639 | Orc:2    | Identified the cursed +0 pair of boots of the Moon {rElec
                  | Stlth+} (You bought it in a shop on level 2 of the Orcish
                  | Mines)
 20650 | Orc:2    | Bought 2 potions of curing for 96 gold pieces
 20650 | Orc:2    | Bought an uncursed ring of see invisible for 240 gold
                  | pieces
 20786 | Orc:2    | Found a staircase to the Elven Halls.
 20812 | Orc:2    | Reached skill level 5 in Shields
 20824 | Orc:2    | Noticed Jorgrun
 23834 | Lair:5   | Found a blossoming altar of Fedhas.
 24105 | Lair:6   | Entered Level 6 of the Lair of Beasts
 24289 | Lair:5   | Gained mutation: You are partially covered in iridescent
                  | scales. (AC +2) [demonic ancestry]
 24289 | Lair:5   | Reached XP level 14. HP: 97/104 MP: 10/23
 25337 | Lair:6   | Found a viscous altar of Jiyva.
 25337 | Lair:6   | Found a staircase to the Slime Pits.
 25712 | Lair:6   | Upgraded the game from 0.27-a0-170-g607d9e9d85 to
                  | 0.27-a0-200-g8ba017916c
 25947 | Orc:2    | Killed Jorgrun
 26342 | Orc:2    | Found a roughly hewn altar of Beogh.
 26532 | Orc:2    | Bought a glowing plate armour for 806 gold pieces
 27449 | D:13     | Reached skill level 5 in Dodging
 27757 | D:13     | Found a gate to the Vaults.
 27946 | D:13     | Reached ****** piety under Qazlal
 28054 | D:13     | Identified the ring of Xarr {rF+ rN+ Will+ Dex-3}
 28054 | D:13     | Noticed Nessos
 28071 | D:13     | Killed Nessos
 28174 | D:13     | Noticed Josephine
 28189 | D:13     | Killed Josephine
 28810 | D:13     | Found an opulent altar of Gozag.
 29410 | D:14     | Gained mutation: You are mostly covered in iridescent
                  | scales. (AC +4) [demonic ancestry]
 29410 | D:14     | Reached XP level 15. HP: 112/112 MP: 11/25
 29819 | D:14     | Noticed Blork the orc
 29878 | D:14     | Killed Blork the orc
 29890 | D:14     | Found a shimmering blue altar of Sif Muna.
 30317 | D:15     | Entered Level 15 of the Dungeon
 30326 | D:15     | Found an iron altar of Okawaru.
 31182 | D:15     | Found a staircase to the Depths.
 31472 | Snake:1  | Entered Level 1 of the Snake Pit
 32644 | D:15     | Got a masterwork hand axe
 32654 | D:15     | Identified the cursed +0 hand axe "Inutuc" {drain, Fragile
                  | +Blink rElec Str+6} (You found it on level 15 of the
                  | Dungeon)
 32903 | Snake:2  | Noticed a nagaraja
 33018 | Snake:2  | Killed a nagaraja
 33505 | Snake:2  | Noticed a nagaraja
 33523 | Snake:2  | Killed a nagaraja
 34322 | Snake:2  | Reached skill level 10 in Fighting
 34460 | Snake:2  | Reached XP level 16. HP: 117/122 MP: 0/26
 36567 | Snake:3  | Found a hazy altar of Hepliaklqana.
 36803 | Snake:4  | Entered Level 4 of the Snake Pit
 36893 | Snake:4  | Found a frozen archway.
 36934 | Snake:4  | Reached skill level 15 in Invocations
 37260 | IceCv    | Entered an ice cave
 37447 | IceCv    | Got a fine marble ring
 37449 | IceCv    | Identified the ring of Waris {Wiz rC+ Slay+2} (You found it
                  | in an ice cave)
 38639 | IceCv    | Got a slimy amber ring
 40070 | Snake:4  | Found Dusytoit's Antique Armour Shoppe.
 40085 | Snake:4  | Reached skill level 10 in Shields
 40246 | Snake:4  | Reached XP level 17. HP: 128/131 MP: 9/28
 40776 | Snake:4  | Found Duez's Armour Emporium.
 40777 | Snake:4  | Found Ettoufy's Armour Emporium.
 40804 | Snake:4  | Found Maniurch's Jewellery Shoppe.
 40807 | Snake:4  | Bought a +0 pair of gloves of strength for 149 gold pieces
 41745 | Snake:4  | Got a serpentine rune of Zot
 41870 | Shoals:1 | Entered Level 1 of the Shoals
 42118 | Shoals:1 | Noticed Kirke
 42138 | Shoals:1 | Killed Kirke
 42340 | Shoals:1 | Identified the ring "Huarom" {+Fly rC- Will- Str+8 SInv}
                  | (You found it in an ice cave)
 42595 | Shoals:1 | Found Fuutia's Gadget Emporium.
 42772 | Shoals:1 | Bought a wand of iceblast (4) for 136 gold pieces
 43396 | Shoals:2 | Noticed Polyphemus
 43582 | Shoals:2 | Killed Polyphemus
 43786 | Shoals:2 | Noticed finalsalamander's ghost (adept HOMo)
 43798 | Shoals:2 | Identified the +6 demon trident of True Grit {antimagic,
                  | +Fly rC+ Int+4 Dex-4}
 43799 | Shoals:2 | Found a bloodstained altar of Trog.
 43799 | Shoals:2 | Identified the +5 trident of a Million Mystics {flame,
                  | rElec rC+}
 43863 | Shoals:2 | Found Qiligog's Book Emporium.
 43913 | Shoals:2 | Found a transporter.
 43959 | Shoals:2 | Found a transporter.
 44556 | Shoals:3 | Found Opin's Distillery.
 44621 | Shoals:3 | Bought a potion of heal wounds for 105 gold pieces
 44621 | Shoals:3 | Bought a potion of might for 84 gold pieces
 44621 | Shoals:3 | Bought a potion of curing for 63 gold pieces
 44621 | Shoals:3 | Bought a potion of curing for 63 gold pieces
 44621 | Shoals:3 | Bought a potion of heal wounds for 105 gold pieces
 44621 | Shoals:3 | Bought a potion of cancellation for 168 gold pieces
 45391 | Shoals:4 | Entered Level 4 of the Shoals
 45391 | Shoals:4 | Found Roroupnehu's Armour Emporium.
 45714 | Shoals:4 | Gained mutation: You are completely covered in iridescent
                  | scales. (AC +6) [demonic ancestry]
 45714 | Shoals:4 | Reached XP level 18. HP: 73/139 MP: 4/30
 46655 | Shoals:4 | Got a barnacled rune of Zot
 47027 | Shoals:4 | Identified the +1 robe of Hepliaklqana's Favour {+Inv
                  | rElec}
 47858 | Elf:1    | Entered Level 1 of the Elven Halls
 48616 | Elf:1    | Cast into level 3 of the Abyss (a deep elf sorcerer)
 48624 | Elf:1    | Escaped the Abyss
 48726 | Elf:1    | Reached skill level 10 in Dodging
 48862 | Elf:1    | Got a pearl-encrusted ring mail
 48863 | Elf:1    | Identified the cursed +0 ring mail "Lusseseti" {rF+ rN+
                  | Stlth+} (You found it on level 1 of the Elven Halls)
 49468 | Elf:1    | Found Emat's Jewellery Shop.
 49475 | Elf:1    | Found Tereilyo's Distillery.
 49496 | Elf:1    | Bought a potion of heal wounds for 80 gold pieces
 49496 | Elf:1    | Bought a potion of curing for 48 gold pieces
 49496 | Elf:1    | Bought a potion of curing for 48 gold pieces
 49496 | Elf:1    | Bought a potion of curing for 48 gold pieces
 49496 | Elf:1    | Bought 2 potions of magic for 256 gold pieces
 49496 | Elf:1    | Bought a potion of curing for 48 gold pieces
 49720 | Elf:1    | Identified the Papyrus of Supportive Conjuration
 49757 | Elf:2    | Found Namanof's Jewellery Emporium.
 49819 | Elf:2    | Found Ytsufux's Gadget Emporium.
 49857 | Elf:2    | Found a ruined gateway.
 49873 | Desolati | Entered the Desolation of Salt
 49953 | Desolati | Identified the ring "Recyan" {*Corrode Str+4 Int+4 Dex+4
                  | Stlth-}
 50048 | Desolati | Gained mutation: You have very sharp fingernails. [demonic
                  | ancestry]
 50048 | Desolati | Reached XP level 19. HP: 70/147 MP: 2/31
 50367 | Desolati | Identified the cursed +1 hand axe of Sharkskin {flame,
                  | rPois MP+9 Str-4 SInv}
 50367 | Desolati | Identified the ring "Tuacs" {Wiz Int+3}
 50477 | Desolati | Upgraded the game from 0.27-a0-200-g8ba017916c to
                  | 0.27-a0-203-gd48b2df3c9
 50612 | Desolati | Identified the Collected Works on Poisonous Transmutation
 50725 | Desolati | Got a brightly glowing tin ring
 50727 | Desolati | Identified the ring "Wuriudgh" {rF+ Str+2 Slay+3 Stlth+}
                  | (You found it in the Desolation of Salt)
 50744 | Desolati | Got a faintly glowing cloak
 50750 | Desolati | Identified the +1 cloak "Bosut" {Str+4} (You found it in
                  | the Desolation of Salt)
 50851 | Desolati | Identified the Handbook of Creative Flames
 51300 | Elf:2    | Found Ikhliefil's Book Shop.
 51491 | Elf:2    | Found Disy's Gadget Boutique.
 51499 | Elf:2    | Bought a wand of iceblast (7) for 176 gold pieces
 51519 | Elf:2    | Found Qeomoc's Antique Armour Emporium.
 51672 | Elf:2    | Found a runed translucent gate.
 51672 | Elf:2    | Found a runed translucent gate.
 51672 | Elf:2    | Found a runed translucent gate.
 52400 | Elf:2    | Cast into level 3 of the Abyss (+4 executioner's axe of
                  | distortion)
 52409 | Elf:2    | Escaped the Abyss
 52829 | Elf:3    | Entered Level 3 of the Elven Halls
 54189 | Elf:3    | Identified the +7 war axe of Crystal {vamp, *Corrode rElec
                  | rF- Dex+9}
 54189 | Elf:3    | Identified the +1 robe of Rysov {Dex+4}
 54202 | Elf:3    | Gained mutation: You are clumsy. (Dex -2) [a neqoxec]
 54555 | Elf:3    | Cast into level 3 of the Abyss (a deep elf demonologist)
 54710 | Abyss:3  | Gained mutation: You have claws for hands. [demonic
                  | ancestry]
 54710 | Abyss:3  | Reached XP level 20. HP: 150/156 MP: 11/33
 55101 | Abyss:3  | Found a burning altar of Makhleb.
 55132 | Elf:3    | Escaped the Abyss
 55492 | Elf:3    | Identified the amulet of Maycruqo {Spirit *Drain +Inv Str+9
                  | Int-3}
 55514 | Elf:3    | Identified the +10 hand axe of Wobus {antimagic, rF- Int+2
                  | Dex+2}
 55514 | Elf:3    | Identified the +2 robe of Wamupn {*Slow rPois rC+ SInv}
 55669 | Elf:3    | Identified the ring of Ijadgh Waim {Ice Str+3 Stlth+}
 55862 | Elf:3    | Identified a +2 pair of boots of running (You found it on
                  | level 3 of the Elven Halls)
 55866 | Elf:3    | Got a pair of crude gloves
 55867 | Elf:3    | Identified the +1 pair of gloves of Intercession {Harm
                  | Will+ Str-4} (You found it on level 3 of the Elven Halls)
 56354 | Depths:1 | Entered Level 1 of the Depths
 56718 | Depths:1 | Reached skill level 1 in Long Blades
 57898 | Depths:1 | You fall into a shaft and drop 1 floor!
 58180 | Depths:1 | Noticed a caustic shrike
 58191 | Depths:1 | Killed a caustic shrike
 58656 | Depths:1 | Paralysed by a great orb of eyes for 6 turns
 58911 | Depths:1 | Found a one-way gate to the infinite horrors of the Abyss.
 59103 | Depths:1 | Noticed the Enchantress
 59434 | Vaults:1 | Entered Level 1 of the Vaults
 59640 | Vaults:1 | Reached XP level 21. HP: 127/164 MP: 11/34
 60076 | Vaults:1 | Reached skill level 15 in Shields
 60684 | Vaults:1 | Found a runed translucent door.
 60684 | Vaults:1 | Noticed Lopreidd's ghost (veteran TeAM)
 61282 | Vaults:1 | Killed Lopreidd's ghost
 61591 | Vaults:2 | Reached skill level 15 in Maces & Flails
 63208 | Vaults:2 | Found a transporter.
 63209 | Vaults:2 | Found a radiant altar of Vehumet.
 63209 | Vaults:2 | Noticed a dread lich
 63384 | Vaults:2 | Got a citrine-encrusted plate armour
 63395 | Vaults:2 | Identified the cursed +1 plate armour of Optimism {Rampage}
                  | (You found it on level 2 of the Vaults)
 63585 | Vaults:3 | Noticed Saint Roka
 63600 | Vaults:3 | Killed Saint Roka
 64364 | Vaults:3 | Gained mutation: You are robust. (+10% HP) [demonic
                  | ancestry]
 64364 | Vaults:3 | Reached XP level 22. HP: 166/190 MP: 12/36
 64821 | Vaults:3 | You fall into a shaft and drop 1 floor!
 64905 | Vaults:4 | Reached skill level 5 in Evocations
 65589 | Vaults:3 | Found a staircase to the Crypt.
 65896 | Vaults:4 | Reached skill level 15 in Fighting
 66389 | Vaults:4 | Found Lunulydd's Distillery.
 66392 | Vaults:4 | Bought a potion of haste for 160 gold pieces
 66392 | Vaults:4 | Bought a potion of heal wounds for 80 gold pieces
 66392 | Vaults:4 | Bought a potion of heal wounds for 80 gold pieces
 66392 | Vaults:4 | Bought a potion of cancellation for 128 gold pieces
 66392 | Vaults:4 | Bought a potion of heal wounds for 80 gold pieces
 66392 | Vaults:4 | Bought a potion of resistance for 160 gold pieces
 66392 | Vaults:4 | Bought a potion of resistance for 160 gold pieces
 66392 | Vaults:4 | Bought a potion of curing for 48 gold pieces
 67201 | Depths:1 | Found a gateway to Hell.
 67463 | Depths:1 | Killed the Enchantress
 68570 | Depths:2 | Found a gateway to a bazaar.
 68622 | Bazaar   | Entered a bazaar
 68626 | Bazaar   | Found Ucuxt's Jewellery Boutique.
 68644 | Bazaar   | Found Parey's Distillery.
 68649 | Bazaar   | Bought 2 potions of mutation for 256 gold pieces
 68649 | Bazaar   | Bought a potion of curing for 48 gold pieces
 68649 | Bazaar   | Bought 2 potions of resistance for 320 gold pieces
 68661 | Bazaar   | Found Hucwixugh's Book Boutique.
 68678 | Bazaar   | Found Laticsaimn's Distillery.
 68700 | Bazaar   | Bought a potion of haste for 100 gold pieces
 68700 | Bazaar   | Bought a potion of heal wounds for 50 gold pieces
 68700 | Bazaar   | Bought a potion of cancellation for 80 gold pieces
 68858 | Depths:2 | Noticed a caustic shrike
 68868 | Depths:2 | Killed a caustic shrike
 69294 | Depths:1 | Reached XP level 23. HP: 199/199 MP: 12/37
 69459 | Depths:2 | Got a dazzling mace
 69460 | Depths:2 | Identified the +0 mace "Cuypso" {flame, rF+ Str+4} (You
                  | found it on level 2 of the Depths)
 70076 | Depths:2 | Found a runed translucent gate.
 70076 | Depths:2 | Found a runed translucent gate.
 70076 | Depths:2 | Found a runed translucent gate.
 70077 | Depths:2 | Identified the ring "Teinu" {rN+ Stlth+}
 70078 | Depths:2 | Noticed Cingelitt's ghost (adept DgCj)
 70220 | Depths:1 | Killed Cingelitt's ghost
 70378 | Depths:2 | Got a masterwork cloak
 70389 | Depths:2 | Identified the +0 cloak "Cojoug" {Will+} (You found it on
                  | level 2 of the Depths)
 71498 | Depths:3 | Found a portal to a secret trove of treasure.
 71598 | Depths:3 | Identified the +10 falchion of the Globe {antimagic, +Rage
                  | +Inv}
 71828 | Depths:3 | Found a one-way gate leading to the halls of Pandemonium.
 72063 | Depths:3 | Noticed a juggernaut
 72084 | Depths:3 | Killed a juggernaut
 73459 | Depths:4 | Reached skill level 15 in Armour
 73968 | Depths:4 | Found a gateway to a ziggurat.
 74162 | Depths:5 | Entered Level 5 of the Depths
 74457 | Depths:5 | Reached XP level 24. HP: 126/210 MP: 12/37
 75293 | Depths:5 | Found a gate to the Realm of Zot.
 76053 | Vaults:5 | Entered Level 5 of the Vaults
 76496 | Vaults:5 | Noticed an ancient lich
 77355 | Vaults:3 | Killed an ancient lich
 77593 | Vaults:4 | Reached skill level 10 in Evocations
 78026 | Crypt:1  | Entered Level 1 of the Crypt
 78776 | Crypt:1  | Upgraded the game from 0.27-a0-203-gd48b2df3c9 to
                  | 0.27-a0-216-g1fbed8a51c
 78872 | Crypt:2  | Noticed Boris
 78894 | Crypt:1  | Killed Boris
 79178 | Crypt:2  | Reached skill level 15 in Dodging
 81081 | Hell     | Entered the Vestibule of Hell
 81081 | Hell     | Noticed Geryon
 81676 | Vaults:5 | Identified the amulet of the Cicada {Reflect rN+ SH+5}
 82284 | Vaults:4 | Gained mutation: You are powered by pain. [demonic
                  | ancestry]
 82284 | Vaults:4 | Reached XP level 25. HP: 142/218 MP: 10/38
 82875 | Vaults:5 | Identified the +0 leather armour of Impatience {rElec rN+}
 83017 | Vaults:5 | Noticed Frederick
 83207 | Vaults:4 | Killed Frederick
 83418 | Vaults:5 | Identified the +6 battleaxe "Heosamuu" {speed, Int-2 Dex+8}
 84214 | Vaults:5 | Identified the ring of the Crown {rN+ Will+}
 84859 | Vaults:5 | Identified the ring "Dudgh" {*Tele rElec rC- rN+++ Stlth-}
 85243 | Vaults:5 | Got a silver rune of Zot
 85696 | Vaults:5 | Got a vibrating platinum ring
 85699 | Vaults:5 | Identified the ring "Coireff" {*Tele rF- Int+6} (You found
                  | it on level 5 of the Vaults)
 85728 | Vaults:5 | Got a glittering copper amulet
 85731 | Vaults:5 | Identified the amulet "Bosson" {RegenMP Int+3 Stlth+} (You
                  | found it on level 5 of the Vaults)
 88855 | Hell     | Killed Geryon
 88938 | Hell     | Found a gateway to the ashen valley of Gehenna.
 89083 | Hell     | Found a gateway to the decaying netherworld of Tartarus.
 89155 | Hell     | Found a gateway to the freezing wastes of Cocytus.
 89478 | Hell     | Found a gateway to the Iron City of Dis.
 89728 | Zot:1    | Entered Level 1 of the Realm of Zot
 90917 | Zot:1    | Gained mutation: You are very robust. (+20% HP) [demonic
                  | ancestry]
 90917 | Zot:1    | Reached XP level 26. HP: 181/249 MP: 1/38
 93297 | Zot:2    | You fall into a shaft and drop 1 floor!
 93310 | Zot:2    | Noticed an orb of fire
 93311 | Zot:2    | Gained mutation: You are weak. (Str -2) [an orb of fire]
 93313 | Zot:3    | Gained mutation: You are very weak. (Str -4) [an orb of
                  | fire]
 93328 | Zot:3    | Gained mutation: Scrolls take you a little longer to read.
                  | [an orb of fire]
 93330 | Zot:3    | Lost mutation: You are clumsy. (Dex -2) [an orb of fire]
 93690 | Zot:3    | Killed an orb of fire
 95027 | Zot:2    | Gained mutation: You are extremely robust. (+30% HP)
                  | [demonic ancestry]
 95027 | Zot:2    | Reached XP level 27. HP: 171/280 MP: 5/38
 98511 | Depths:5 | Voluntarily entered the Abyss.
 98538 | Abyss:1  | Gained mutation: Scrolls take you longer to read. [a
                  | cacodemon]
 98556 | Abyss:1  | Gained mutation: You passively map a small area around you.
                  | [a cacodemon]
 98560 | Abyss:1  | Gained mutation: Scrolls take you much longer to read. [a
                  | cacodemon]
 98638 | Abyss:1  | Paralysed by accursed screaming for 1 turns
 98705 | Abyss:1  | Found a shimmering blue altar of Sif Muna.
 98778 | Depths:5 | Escaped the Abyss
 99320 | Crypt:3  | Entered Level 3 of the Crypt
 99568 | Crypt:3  | Noticed Margery
 99584 | Crypt:3  | Killed Margery
 99636 | Crypt:3  | Cast into level 2 of the Abyss (hell knight)
 99735 | Crypt:3  | Escaped the Abyss
100118 | Crypt:3  | Identified the +8 plate armour "Puwusud" {Str+2}
100414 | Crypt:3  | Noticed Boris
100447 | Crypt:3  | Killed Boris
101154 | Crypt:3  | Found a basalt altar of Yredelemnul.
102255 | Crypt:3  | Noticed Jory
102300 | Crypt:3  | Killed Jory
103237 | Crypt:3  | Found a staircase to the Tomb.
104714 | Vaults:2 | Killed a dread lich
105033 | Vaults:2 | Got a pair of spiked boots
105038 | Vaults:2 | Identified the cursed +0 pair of boots of Filth {Harm rCorr
                  | Str+3 Int-4} (You found it on level 2 of the Vaults)
105071 | Vaults:2 | Found a transporter.
105448 | Shoals:2 | Killed finalsalamander's ghost
105737 | Slime:1  | Entered Level 1 of the Pits of Slime
105780 | Slime:1  | Gained mutation: Your spells are a little easier to cast,
                  | but a little less powerful. [a shining eye]
107180 | Slime:5  | Entered Level 5 of the Pits of Slime
107257 | Slime:5  | Gained mutation: You are occasionally teleported next to
                  | monsters. [a shining eye]
107271 | Slime:4  | Lost mutation: Your spells are a little easier to cast, but
                  | a little less powerful. [potion of mutation]
107271 | Slime:4  | Lost mutation: You are very weak. (Str -4) [potion of
                  | mutation]
107271 | Slime:4  | Lost mutation: Scrolls take you much longer to read.
                  | [potion of mutation]
107271 | Slime:4  | Lost mutation: You are occasionally teleported next to
                  | monsters. [potion of mutation]
107271 | Slime:4  | Gained mutation: You are strong-willed. (Will+) [potion of
                  | mutation]
107271 | Slime:4  | Gained mutation: You have large cloven feet. [potion of
                  | mutation]
107337 | Slime:5  | Noticed the Royal Jelly
108082 | Slime:5  | Killed the Royal Jelly
108381 | Slime:5  | Found the ring of the Octopus King
108383 | Slime:5  | Found the cursed +14 obsidian axe {vorpal, +Fly SInv
                  | *Curse}
108400 | Slime:5  | Got a slimy rune of Zot
108452 | Slime:5  | Got a ring of the Octopus King
108464 | Slime:5  | Identified the Disquisition on Unholy Calling
108506 | Slime:5  | Identified a ring of the Octopus King {AC+1 EV+1 Str+1
                  | Int+1 Dex+1 SInv} (You found it on level 5 of the Pits of
                  | Slime)
108531 | Slime:5  | Identified the Catalogue of the Warped Glacier
108601 | Slime:5  | Got a polished hunting sling
108604 | Slime:5  | Identified the +7 hunting sling of the Witching Hero
                  | {freeze, +Fly rC++ Str+3 Int-5} (You found it on level 5 of
                  | the Pits of Slime)
110032 | Tomb:1   | Entered Level 1 of the Tomb of the Ancients
110803 | Tomb:1   | Reached skill level 15 in Evocations
112858 | Zot:4    | Noticed an orb of fire
112875 | Zot:4    | Gained mutation: Armour fits poorly on your strangely
                  | shaped body. [an orb of fire]
113299 | Zot:4    | Gained mutation: You are somewhat resistant to further
                  | mutation. [an orb of fire]
113468 | Depths:5 | Voluntarily entered the Abyss.
113946 | Depths:5 | Escaped the Abyss
114177 | Depths:5 | Voluntarily entered the Abyss.
115219 | Depths:5 | Escaped the Abyss
115643 | Depths:5 | Voluntarily entered the Abyss.
115844 | Abyss:2  | Found a corrupted altar of Lugonu.
116070 | Abyss:2  | Found a corrupted altar of Lugonu.
116213 | Abyss:2  | Paralysed by accursed screaming for 1 turns
116274 | Abyss:2  | Paralysed by accursed screaming for 1 turns
116303 | Depths:5 | Escaped the Abyss
116557 | Depths:5 | Voluntarily entered the Abyss.
116688 | Abyss:1  | Found a corrupted altar of Lugonu.
116777 | Depths:5 | Escaped the Abyss
116921 | Depths:5 | Voluntarily entered the Abyss.
116921 | Abyss:1  | Found a corrupted altar of Lugonu.
117177 | Depths:5 | Escaped the Abyss
117263 | Depths:5 | Voluntarily entered the Abyss.
117284 | Abyss:2  | Found a corrupted altar of Lugonu.
117857 | Depths:5 | Escaped the Abyss
118142 | Depths:5 | Voluntarily entered the Abyss.
118250 | Abyss:2  | Found an ornate altar of the Wu Jian Council.
118664 | Depths:5 | Escaped the Abyss
118804 | Depths:5 | Voluntarily entered the Abyss.
119074 | Abyss:2  | Found a corrupted altar of Lugonu.
119423 | Abyss:3  | Paralysed by accursed screaming for 1 turns
119590 | Depths:5 | Escaped the Abyss
119777 | Depths:5 | Voluntarily entered the Abyss.
120120 | Depths:5 | Escaped the Abyss
120139 | Depths:5 | Voluntarily entered the Abyss.
120275 | Abyss:2  | Found a corrupted altar of Lugonu.
120440 | Abyss:2  | Gained mutation: Your body sometimes deteriorates upon
                  | taking damage. [a neqoxec]
120524 | Depths:5 | Escaped the Abyss
120816 | Depths:5 | Upgraded the game from 0.27-a0-216-g1fbed8a51c to
                  | 0.27-a0-223-ge082b6e869
120817 | Depths:5 | Voluntarily entered the Abyss.
120874 | Abyss:2  | Found a corrupted altar of Lugonu.
120890 | Abyss:2  | Identified a scroll of acquirement
121128 | Abyss:2  | Gained mutation: You are clumsy. (Dex -2) [a neqoxec]
123395 | Depths:5 | Escaped the Abyss
123482 | Depths:5 | Voluntarily entered the Abyss.
123508 | Depths:5 | Escaped the Abyss
123688 | Depths:5 | Voluntarily entered the Abyss.
123747 | Abyss:1  | Noticed an ancient lich
123968 | Depths:5 | Escaped the Abyss
124055 | Depths:5 | Voluntarily entered the Abyss.
124100 | Abyss:1  | Killed an ancient lich
124297 | Depths:5 | Escaped the Abyss
124616 | Depths:5 | Voluntarily entered the Abyss.
124618 | Abyss:1  | Found a corrupted altar of Lugonu.
125385 | Abyss:3  | Found a corrupted altar of Lugonu.
125753 | Abyss:4  | Found a transporter.
125974 | Abyss:4  | Reached skill level 27 in Invocations
126177 | Abyss:4  | Found a transporter.
126200 | Abyss:4  | Found a transporter.
126303 | Abyss:4  | Found a corrupted altar of Lugonu.
126358 | Abyss:4  | Gained mutation: Scrolls take you much longer to read. [a
                  | neqoxec]
127120 | Abyss:4  | Gained mutation: You are dopey. (Int -2) [a cacodemon]
127142 | Abyss:5  | Entered Level 5 of the Abyss
127403 | Depths:5 | Escaped the Abyss
127706 | Depths:5 | Voluntarily entered the Abyss.
127730 | Abyss:2  | Found a corrupted altar of Lugonu.
127895 | Depths:5 | Escaped the Abyss
128000 | Depths:5 | Voluntarily entered the Abyss.
128087 | Depths:5 | Escaped the Abyss
128920 | Zot:4    | Killed an orb of fire
129262 | Zot:5    | Entered Level 5 of the Realm of Zot
130222 | Zot:5    | Noticed an orb of fire
130222 | Zot:5    | Noticed an ancient lich
130403 | Zot:4    | Gained mutation: You occasionally shout uncontrollably at
                  | your foes. [an orb of fire]
130421 | Zot:4    | Killed an orb of fire
130723 | Zot:5    | Killed an ancient lich
130817 | Zot:5    | Noticed an orb of fire
130827 | Zot:5    | Gained mutation: You are very clumsy. (Dex -4) [an orb of
                  | fire]
130843 | Zot:5    | Killed an orb of fire
130848 | Zot:5    | Noticed a dread lich
131087 | Zot:5    | Noticed an orb of fire
131270 | Zot:5    | Killed a dread lich
131270 | Zot:5    | Killed an orb of fire
131277 | Zot:5    | Noticed an ancient lich
131439 | Zot:4    | Killed an ancient lich
131581 | Zot:5    | Noticed a dread lich
131917 | Zot:5    | Killed a dread lich
132185 | Zot:5    | Noticed a dread lich
132218 | Zot:4    | Killed a dread lich
132671 | Zot:5    | Noticed an orb of fire
132705 | Zot:5    | Killed an orb of fire
133170 | Zot:5    | Noticed a juggernaut
133170 | Zot:5    | a Killer Klown changed into a juggernaut
133209 | Zot:5    | Killed a juggernaut
134312 | Zot:5    | Lost mutation: You have large cloven feet. [potion of
                  | mutation]
134312 | Zot:5    | Lost mutation: You are strong-willed. (Will+) [potion of
                  | mutation]
134312 | Zot:5    | Gained mutation: You have large cloven feet. [potion of
                  | mutation]
134313 | Zot:5    | Lost mutation: Armour fits poorly on your strangely shaped
                  | body. [potion of mutation]
134313 | Zot:5    | Lost mutation: Your body sometimes deteriorates upon taking
                  | damage. [potion of mutation]
134314 | Zot:5    | Lost mutation: You have large cloven feet. [potion of
                  | mutation]
134314 | Zot:5    | Lost mutation: You are very clumsy. (Dex -4) [potion of
                  | mutation]
134314 | Zot:5    | Lost mutation: You are somewhat resistant to further
                  | mutation. [potion of mutation]
134314 | Zot:5    | Gained mutation: You have a beak for a mouth. [potion of
                  | mutation]
134314 | Zot:5    | Gained mutation: You have large cloven feet. [potion of
                  | mutation]
134315 | Zot:5    | Lost mutation: You are weak. (Str -2) [potion of mutation]
134315 | Zot:5    | Lost mutation: You are clumsy. (Dex -2) [potion of
                  | mutation]
134315 | Zot:5    | Gained mutation: Your flesh is cold resistant. (rC+)
                  | [potion of mutation]
134315 | Zot:5    | Gained mutation: You have a pair of small horns on your
                  | head. [potion of mutation]
134315 | Zot:5    | Gained mutation: You passively map the area around you.
                  | [potion of mutation]
134507 | Depths:5 | Voluntarily entered the Abyss.
134511 | Abyss:1  | Noticed an ancient lich
134560 | Abyss:1  | Killed an ancient lich
134618 | Abyss:1  | Gained mutation: You are weak. (Str -2) [a cacodemon]
135658 | Depths:5 | Escaped the Abyss
136040 | Depths:5 | Voluntarily entered the Abyss.
136276 | Depths:5 | Escaped the Abyss
136638 | Depths:5 | Voluntarily entered the Abyss.
137402 | Abyss:2  | Got a scorched broad axe
137419 | Abyss:2  | Identified the cursed +3 broad axe of Symmetry {elec,
                  | *Corrode rElec Str+8 Int+2} (You found it on level 2 of the
                  | Abyss)
137856 | Abyss:2  | Found a broken altar of Ashenzari.
138359 | Depths:5 | Escaped the Abyss
138688 | Depths:5 | Voluntarily entered the Abyss.
138726 | Abyss:1  | Found a corrupted altar of Lugonu.
138851 | Depths:5 | Escaped the Abyss
138919 | Depths:5 | Voluntarily entered the Abyss.
139000 | Abyss:1  | Found a corrupted altar of Lugonu.
139129 | Abyss:1  | Gained mutation: Your magical capacity is low. (-10% MP) [a
                  | neqoxec]
139890 | Depths:5 | Escaped the Abyss
140147 | Depths:5 | Upgraded the game from 0.27-a0-223-ge082b6e869 to
                  | 0.27-a0-242-ge0fc76b88b
140150 | Depths:5 | Voluntarily entered the Abyss.
140154 | Abyss:1  | Got a smoking helmet
140205 | Abyss:1  | Identified the +2 helmet of the Special Shrikes {rF+ rC+
                  | SInv} (You found it on level 1 of the Abyss)
140211 | Abyss:2  | Found a sacrificial altar of Ru.
140745 | Abyss:2  | Gained mutation: You are very dopey. (Int -4) [a neqoxec]
141172 | Abyss:3  | Found a radiant altar of Vehumet.
141373 | Depths:5 | Escaped the Abyss
141813 | Depths:5 | Voluntarily entered the Abyss.
141862 | Abyss:1  | Reached skill level 27 in Shields
143714 | Abyss:3  | Found a corrupted altar of Lugonu.
144746 | Abyss:3  | Got an abyssal rune of Zot
144778 | Abyss:3  | Gained mutation: Your body sometimes deteriorates upon
                  | taking damage. [a neqoxec]
144779 | Depths:5 | Escaped the Abyss
145540 | Tomb:1   | Noticed a royal mummy
145595 | Tomb:1   | Killed a royal mummy
146358 | Tomb:1   | Noticed a royal mummy
146416 | Tomb:1   | Killed a royal mummy
146830 | Tomb:1   | Noticed Sojobo
146935 | Tomb:1   | Killed Sojobo
149200 | Coc:1    | Entered Level 1 of Cocytus
151528 | Coc:5    | Upgraded the game from 0.27-a0-242-ge0fc76b88b to
                  | 0.27-a0-249-g74f53ef629
151938 | Coc:5    | Reached skill level 1 in Spellcasting
153955 | Coc:6    | HP: 14/312 [??? (8)]
153962 | Coc:7    | Entered Level 7 of Cocytus
156171 | Coc:7    | Reached skill level 5 in Spellcasting
156189 | Coc:7    | Learned a level 9 spell: Shatter
156441 | Coc:7    | Reached skill level 1 in Earth Magic
159677 | Coc:7    | Noticed Antaeus
160142 | Coc:7    | Killed Antaeus
160147 | Coc:7    | Got an icy rune of Zot
160175 | Coc:7    | Found the +0 mask of the Dragon {Will+ Slay+3 SInv}
160369 | Coc:7    | Reached skill level 5 in Earth Magic
161038 | Geh:1    | Entered Level 1 of Gehenna
162850 | Geh:3    | Reached skill level 10 in Throwing
165632 | Geh:7    | Entered Level 7 of Gehenna
166175 | Geh:7    | Noticed the Serpent of Hell
167120 | Geh:7    | Killed the Serpent of Hell
167702 | Geh:7    | Identified the ring of the Curious Suns {MP+9 Int+3 Dex+4
                  | Stlth-}
167718 | Geh:7    | Found the +7 sceptre of Asmodeus
167718 | Geh:7    | Identified the cursed +0 kite shield of the Abyss {rC+
                  | Dex+5}
167718 | Geh:7    | Noticed Asmodeus
167738 | Geh:7    | Banished Asmodeus
167746 | Geh:7    | Got an obsidian rune of Zot
167749 | Geh:7    | Got an ancient tin ring
167750 | Geh:7    | Identified Kuclos's Catalogue of Calling
167766 | Geh:7    | Identified the ring of Foxt {rC+ Int+2} (You found it on
                  | level 7 of Gehenna)
167784 | Geh:7    | Identified the amulet of Kouruis {Reflect *Drain rF+++
                  | Will- SH+5 Stlth+}
168006 | Geh:7    | Identified the +8 morningstar of the Grave {chaos, rPois
                  | Str+4}
168006 | Geh:7    | Identified the +1 robe of the Eagle {rC- rN+ Dex+3 Stlth+}
168736 | Geh:1    | Reached skill level 10 in Spellcasting
169595 | Geh:7    | Reached skill level 1 in Stealth
170765 | Hell     | Upgraded the game from 0.27-a0-249-g74f53ef629 to
                  | 0.27-a0-263-gc8dee61f84
170766 | Dis:1    | Entered Level 1 of the Iron City of Dis
174849 | Dis:3    | Reached skill level 27 in Fighting
175404 | Hell     | Lost mutation: You have large cloven feet. [potion of
                  | mutation]
175404 | Hell     | Lost mutation: You are weak. (Str -2) [potion of mutation]
175404 | Hell     | Gained mutation: You have sharp toenails. [potion of
                  | mutation]
175405 | Hell     | Lost mutation: Your body sometimes deteriorates upon taking
                  | damage. [potion of mutation]
175405 | Hell     | Lost mutation: Scrolls take you much longer to read.
                  | [potion of mutation]
175405 | Hell     | Lost mutation: You have a pair of small horns on your head.
                  | [potion of mutation]
175405 | Hell     | Lost mutation: Your flesh is cold resistant. (rC+) [potion
                  | of mutation]
175405 | Hell     | Lost mutation: You are very dopey. (Int -4) [potion of
                  | mutation]
175405 | Hell     | Lost mutation: You are dopey. (Int -2) [potion of mutation]
175405 | Hell     | Gained mutation: You evolve. [potion of mutation]
175405 | Hell     | Gained mutation: You are strong-willed. (Will+) [potion of
                  | mutation]
176040 | Dis:1    | Gained mutation: You expend magic power (3 MP) to
                  | strengthen your wands. [evolution]
177330 | Dis:6    | Reached skill level 10 in Earth Magic
178078 | Dis:7    | Entered Level 7 of the Iron City of Dis
178765 | Dis:7    | Reached skill level 15 in Throwing
180816 | Dis:7    | Lost mutation: You passively map the area around you. [a
                  | cacodemon]
181472 | Dis:7    | Found the +4 staff of Dispater
181472 | Dis:7    | Noticed Dispater
181761 | Dis:7    | Gained mutation: You have razor-sharp toenails. [evolution]
182093 | Dis:7    | Identified the Incunabulum of Creative Ice
182099 | Dis:7    | Got an iron rune of Zot
183718 | Dis:7    | Identified Awakh's Volume of Icy Combat Magic
184517 | Tar:1    | Entered Level 1 of Tartarus
186662 | Tar:4    | Reached skill level 27 in Maces & Flails
188730 | Hell     | Learned a level 3 spell: Stone Arrow
188737 | Hell     | Learned a level 6 spell: Iron Shot
193992 | Tar:3    | Lost mutation: Your magical capacity is low. (-10% MP)
                  | [evolution]
194397 | Tar:3    | You are sucked into a shaft and drop 1 floor!
194548 | Tar:7    | Entered Level 7 of Tartarus
196489 | Tar:6    | Reached skill level 15 in Spellcasting
196794 | Tar:7    | Found the -2 hat of the Alchemist {rElec rPois rF+ rC+ rN+
                  | Will+ rMut rCorr}
196813 | Tar:7    | Got a pitted broad axe
196816 | Tar:7    | Identified the +5 broad axe "Eviscerator" {vorpal, rElec
                  | rN++} (You found it on level 7 of Tartarus)
198198 | Tar:7    | Noticed Ereshkigal
198209 | Tar:7    | Banished Ereshkigal
198234 | Tar:7    | Got a bone rune of Zot
198521 | Tar:7    | Lost mutation: You are strong-willed. (Will+) [evolution]
199376 | Shoals:1 | Acquired the +18 shield of the Gong {rElec rN+ Will+ EV-5}
199376 | Shoals:1 | Found the +18 shield of the Gong {rElec rN+ Will+ EV-5}
199804 | Tar:3    | Reached skill level 1 in Conjurations
202458 | Tar:7    | Identified the Papyrus of Companions and Feathers
202469 | Tar:7    | Got an encrusted great sword
202472 | Tar:7    | Identified the +9 great sword of the Dripping Gnat {vorpal,
                  | +Inv rPois rF++ Stlth-} (You found it on level 7 of
                  | Tartarus)
202473 | Tar:7    | Got a polished war axe
202476 | Tar:7    | Identified the +7 war axe of Iwijaip {vorpal, rElec rN+
                  | Int+4 Dex-3} (You found it on level 7 of Tartarus)
203951 | Dis:1    | Reached skill level 15 in Earth Magic
204731 | Dis:2    | Gained mutation: Your magical capacity is low. (-10% MP) [a
                  | cacodemon]
206219 | Dis:4    | You are sucked into a shaft and drop 1 floor!
212507 | Geh:6    | Lost mutation: You expend magic power (3 MP) to strengthen
                  | your wands. [evolution]
215489 | Coc:1    | Upgraded the game from 0.27-a0-263-gc8dee61f84 to
                  | 0.27-a0-279-gdfb9265905
218081 | Coc:4    | Upgraded the game from 0.27-a0-279-gdfb9265905 to
                  | 0.27-a0-287-gd4424db430
224091 | Tar:1    | Glimpsed the power of Zot.
224664 | Crypt:3  | Cast into level 5 of the Abyss (unwielding a weapon of
                  | distortion)
224664 | Abyss:5  | Entered Level 5 of the Abyss
224830 | Crypt:3  | Escaped the Abyss
225042 | Crypt:3  | Cast into level 5 of the Abyss (unwielding a weapon of
                  | distortion)
225042 | Abyss:5  | Entered Level 5 of the Abyss
225229 | Abyss:5  | Found a hazy altar of Hepliaklqana.
225287 | Abyss:5  | Gained mutation: Your body sometimes deteriorates upon
                  | taking damage. [a neqoxec]
225331 | Crypt:3  | Escaped the Abyss
225582 | Tomb:1   | Noticed a royal mummy
225616 | Tomb:1   | Killed a royal mummy
225618 | Tomb:1   | Noticed a royal mummy
225801 | Tomb:1   | Noticed a royal mummy
225808 | Tomb:1   | Noticed a royal mummy
225809 | Tomb:1   | Killed a royal mummy
225811 | Tomb:1   | Noticed a royal mummy
225815 | Tomb:1   | Killed a royal mummy
225830 | Crypt:3  | Killed a royal mummy
225831 | Crypt:3  | Reached skill level 10 in Axes
226302 | Tomb:1   | Noticed a royal mummy
226413 | Tomb:1   | Banished a royal mummy
226432 | Tomb:1   | Noticed a royal mummy
226858 | Tomb:1   | Noticed a royal mummy
226860 | Tomb:1   | Killed a royal mummy
226861 | Tomb:1   | Killed a royal mummy
226862 | Tomb:1   | Killed a royal mummy
226862 | Tomb:1   | Noticed a royal mummy
226865 | Tomb:1   | Noticed a royal mummy
227173 | Crypt:3  | Killed a royal mummy
227359 | Tomb:1   | Killed a royal mummy
227474 | Tomb:1   | Noticed a royal mummy
227800 | Tomb:1   | Killed a royal mummy
228042 | Tomb:1   | Noticed a royal mummy
228083 | Tomb:1   | Banished a royal mummy
228180 | Tomb:1   | Noticed a royal mummy
228252 | Tomb:1   | Killed a royal mummy
228270 | Tomb:1   | Noticed a royal mummy
228478 | Tomb:1   | Killed a royal mummy
228767 | Tomb:1   | Noticed a royal mummy
228781 | Tomb:1   | Banished a royal mummy
229369 | Tomb:1   | Noticed a royal mummy
229392 | Tomb:1   | Killed a royal mummy
229394 | Tomb:1   | Lost mutation: Your magical capacity is low. (-10% MP)
                  | [evolution]
229415 | Tomb:1   | Noticed a royal mummy
229609 | Tomb:1   | Banished a royal mummy
229680 | Tomb:1   | Noticed a royal mummy
229829 | Tomb:1   | Killed a royal mummy
230077 | Tomb:1   | Noticed a royal mummy
230149 | Tomb:1   | Noticed a royal mummy
230564 | Crypt:3  | Banished a royal mummy
230762 | Tomb:1   | Banished a royal mummy
230865 | Tomb:1   | Noticed a royal mummy
230886 | Tomb:1   | Killed a royal mummy
231642 | Depths:1 | Voluntarily entered the Abyss.
231781 | Abyss:1  | Killed a royal mummy
231784 | Depths:1 | Escaped the Abyss
232080 | Depths:1 | Voluntarily entered the Abyss.
232080 | Abyss:1  | Found a corrupted altar of Lugonu.
232585 | Depths:1 | Escaped the Abyss
232937 | Depths:1 | Voluntarily entered the Abyss.
232980 | Abyss:1  | Killed Ereshkigal
233771 | Abyss:1  | Paralysed by accursed screaming for 1 turns
233866 | Depths:1 | Escaped the Abyss
234125 | Depths:1 | Voluntarily entered the Abyss.
234125 | Abyss:1  | Found a corrupted altar of Lugonu.
234274 | Depths:1 | Escaped the Abyss
234309 | Depths:1 | Killed Asmodeus
234539 | Depths:1 | Voluntarily entered the Abyss.
235033 | Abyss:1  | Noticed a dread lich
235040 | Depths:1 | Escaped the Abyss
235773 | Tomb:1   | Lost mutation: Your body sometimes deteriorates upon taking
                  | damage. [potion of mutation]
235773 | Tomb:1   | Lost mutation: You evolve. [potion of mutation]
235773 | Tomb:1   | Gained mutation: You are resistant to electric shocks.
                  | (rElec) [potion of mutation]
235773 | Tomb:1   | Gained mutation: Scrolls take you much longer to read.
                  | [potion of mutation]
235773 | Tomb:1   | Gained mutation: Your system is resistant to poisons.
                  | (rPois) [potion of mutation]
235774 | Tomb:1   | Lost mutation: Scrolls take you much longer to read.
                  | [potion of mutation]
235774 | Tomb:1   | Lost mutation: You passively map a small area around you.
                  | [potion of mutation]
235774 | Tomb:1   | Gained mutation: Scrolls take you much longer to read.
                  | [potion of mutation]
235774 | Tomb:1   | Gained mutation: You are strong-willed. (Will+) [potion of
                  | mutation]
235775 | Tomb:1   | Lost mutation: You occasionally shout uncontrollably at
                  | your foes. [potion of mutation]
235775 | Tomb:1   | Lost mutation: Scrolls take you much longer to read.
                  | [potion of mutation]
235775 | Tomb:1   | Lost mutation: You are resistant to electric shocks.
                  | (rElec) [potion of mutation]
235775 | Tomb:1   | Lost mutation: You have razor-sharp toenails. [potion of
                  | mutation]
235775 | Tomb:1   | Gained mutation: You have a pair of small antennae on your
                  | head. [potion of mutation]
235776 | Tomb:1   | Lost mutation: You have sharp toenails. [potion of
                  | mutation]
235776 | Tomb:1   | Lost mutation: Scrolls take you longer to read. [potion of
                  | mutation]
235776 | Tomb:1   | Lost mutation: You are strong-willed. (Will+) [potion of
                  | mutation]
235776 | Tomb:1   | Lost mutation: Scrolls take you a little longer to read.
                  | [potion of mutation]
235776 | Tomb:1   | Gained mutation: You possess an exceptional clarity of
                  | mind. [potion of mutation]
236292 | Tomb:2   | Noticed a royal mummy
236292 | Tomb:2   | Noticed a royal mummy
236292 | Tomb:2   | Noticed a royal mummy
236292 | Tomb:2   | Noticed a royal mummy
236298 | Tomb:2   | Killed a royal mummy
236298 | Tomb:2   | Killed a royal mummy
236300 | Tomb:2   | Killed a royal mummy
236301 | Tomb:2   | Killed a royal mummy
237771 | Depths:1 | Voluntarily entered the Abyss.
237776 | Abyss:1  | Found a corrupted altar of Lugonu.
238234 | Abyss:1  | Killed a dread lich
238441 | Depths:1 | Escaped the Abyss
238776 | Depths:1 | Voluntarily entered the Abyss.
239148 | Depths:1 | Escaped the Abyss
239974 | Tomb:3   | Entered Level 3 of the Tomb of the Ancients
239984 | Tomb:3   | Noticed a royal mummy
239984 | Tomb:3   | Noticed a royal mummy
239987 | Tomb:3   | Noticed a royal mummy
239989 | Tomb:2   | Lost mutation: You have a pair of small antennae on your
                  | head. [mutagenic glow]
240006 | Tomb:2   | Lost mutation: You possess an exceptional clarity of mind.
                  | [mutagenic glow]
240023 | Tomb:2   | Gained mutation: Your body sometimes deteriorates upon
                  | taking damage. [mutagenic glow]
240967 | Depths:1 | Voluntarily entered the Abyss.
241099 | Depths:1 | Escaped the Abyss
241152 | Depths:1 | Voluntarily entered the Abyss.
241612 | Abyss:1  | Gained mutation: You are weak. (Str -2) [a neqoxec]
241908 | Depths:1 | Escaped the Abyss
242536 | Tomb:3   | Killed a royal mummy
242539 | Tomb:3   | Killed a royal mummy
242541 | Tomb:3   | Killed a royal mummy
242580 | Tomb:3   | Noticed a royal mummy
242586 | Tomb:3   | Killed a royal mummy
242672 | Tomb:3   | Noticed a royal mummy
243063 | Tomb:2   | Acquired the +3 mace "Zewnept" {vorpal, *Rage Dex+10}
243075 | Tomb:3   | Killed a royal mummy
243138 | Tomb:3   | Noticed a royal mummy
243147 | Tomb:3   | Killed a royal mummy
243543 | Tomb:3   | Identified the Incunabulum of the Traveller and Companions
243592 | Tomb:3   | Got a translucent graven amulet
243593 | Tomb:3   | Identified the amulet of Hufrum Guic {*Contam rElec rC+
                  | Regen+ Str+5} (You found it on level 3 of the Tomb of the
                  | Ancients)
243682 | Tomb:3   | Got a faintly glowing bronze ring
243683 | Tomb:3   | Identified the ring "Joneit" {rC+ Will+ SInv Stlth+} (You
                  | found it on level 3 of the Tomb of the Ancients)
243819 | Tomb:3   | Noticed Khufu
243840 | Tomb:3   | Killed Khufu
244217 | Tomb:3   | Noticed a royal mummy
244239 | Tomb:3   | Killed a royal mummy
244385 | Tomb:3   | Noticed a royal mummy
244392 | Tomb:3   | Banished a royal mummy
244643 | Tomb:3   | Got a golden rune of Zot
245266 | Depths:1 | Voluntarily entered the Abyss.
245438 | Depths:1 | Escaped the Abyss
245444 | Depths:1 | Killed a royal mummy
245463 | Depths:1 | Voluntarily entered the Abyss.
245585 | Abyss:1  | Found a radiant altar of Vehumet.
245685 | Abyss:1  | Found a radiant altar of Vehumet.
246007 | Abyss:1  | Found a radiant altar of Vehumet.
246111 | Abyss:1  | Gained mutation: Your spells are a little harder to cast,
                  | but a little more powerful. [a cacodemon]
246131 | Abyss:2  | Found a corrupted altar of Lugonu.
246312 | Depths:1 | Escaped the Abyss
246597 | Depths:1 | Voluntarily entered the Abyss.
246896 | Depths:1 | Escaped the Abyss
247281 | Pan      | Entered Pandemonium
247427 | Pan      | Killed Joapo the pandemonium lord
247714 | Pan      | Gained mutation: Your magical capacity is low. (-10% MP) [a
                  | neqoxec]
249747 | Pan      | Entered the realm of Lom Lobon.
250631 | Pan      | Noticed Lom Lobon
250636 | Pan      | Killed Lom Lobon
250812 | Pan      | Got a magical rune of Zot
251164 | Pan      | Noticed a seraph
251166 | Pan      | Killed a seraph
251463 | Pan      | Found a glowing golden altar of the Shining One.
251503 | Pan      | Got a demonic rune of Zot
251507 | Pan      | Got a pitted hand axe
251508 | Pan      | Identified the +10 hand axe "Jellyslayer" {drain, rC+
                  | Stlth+} (You found it in Pandemonium)
251513 | Pan      | Got a smoking silver ring
251514 | Pan      | Identified the ring of Omiloik {rPois Str+3 SInv} (You
                  | found it in Pandemonium)
251527 | Pan      | Got a scorched short sword
251528 | Pan      | Identified the cursed +0 short sword of Destiny {pain,
                  | rPois Dex+2} (You found it in Pandemonium)
251996 | Pan      | Found a white marble altar of Elyvilon.
252417 | Pan      | Identified the +8 great mace of Ovvich {vorpal, +Blink rF+
                  | rC- MP+9} (You found it in Pandemonium)
253498 | Depths:3 | Escaped Pandemonium
253502 | Pan      | Entered the realm of Cerebov.
253502 | Pan      | Entered Pandemonium
253601 | Pan      | Reached skill level 27 in Dodging
254560 | Pan      | Identified the +8 short sword of Vycek {flame, *Corrode rF+
                  | rN++ SInv}
254691 | Pan      | Reached skill level 27 in Armour
255055 | Pan      | Identified the +4 morningstar of Tentacled True Grit
                  | {flame, SInv}
255182 | Pan      | Identified the Guide on Snow
255190 | Pan      | Got a shimmering dagger
255191 | Pan      | Identified the cursed +0 dagger "Viupruompec" {flame, rC+}
                  | (You found it in Pandemonium)
255209 | Pan      | Identified the Tome of Fiery Confrontation
255227 | Pan      | Found the +6 sword of Cerebov {flame}
255227 | Pan      | Noticed Cerebov
255248 | Pan      | Killed Cerebov
255249 | Pan      | Reached skill level 27 in Spellcasting
255264 | Pan      | Got a fiery rune of Zot
255650 | Pan      | Noticed Ihuggef the pandemonium lord
255668 | Pan      | Banished Ihuggef the pandemonium lord
256150 | Pan      | Found an exit through the horrors of the Abyss.
256193 | Pan      | Noticed Mennas
256232 | Pan      | Killed Mennas
256850 | Pan      | Entered the realm of Mnoleg.
256867 | Pan      | Gained mutation: You are clumsy. (Dex -2) [a cacodemon]
256888 | Pan      | Gained mutation: Your body often deteriorates upon taking
                  | damage. [a neqoxec]
256892 | Pan      | Lost mutation: Your spells are a little harder to cast, but
                  | a little more powerful. [a cacodemon]
256894 | Pan      | Reached skill level 27 in Earth Magic
257005 | Pan      | Gained mutation: Your magical capacity is very low. (-20%
                  | MP) [a neqoxec]
257018 | Pan      | Reached skill level 1 in Summonings
257018 | Pan      | Reached skill level 1 in Necromancy
257018 | Pan      | Reached skill level 1 in Transmutations
257022 | Pan      | Reached skill level 1 in Bows
257023 | Pan      | Gained mutation: You are strong-willed. (Will+) [a neqoxec]
257105 | Pan      | Noticed Mnoleg
257132 | Pan      | Killed Mnoleg
257133 | Pan      | Reached skill level 1 in Crossbows
257133 | Pan      | Reached skill level 1 in Unarmed Combat
257133 | Pan      | Reached skill level 1 in Hexes
257133 | Pan      | Reached skill level 1 in Translocations
257133 | Pan      | Reached skill level 1 in Fire Magic
257133 | Pan      | Reached skill level 1 in Ice Magic
257133 | Pan      | Reached skill level 1 in Air Magic
257133 | Pan      | Reached skill level 1 in Poison Magic
257210 | Pan      | Got a glowing rune of Zot
257321 | Pan      | Gained mutation: Scrolls take you a little longer to read.
                  | [a shining eye]
257366 | Pan      | Gained mutation: You tend to lose your temper in combat. [a
                  | cacodemon]
257374 | Pan      | Reached skill level 27 in Evocations
257407 | Pan      | Reached skill level 5 in Stealth
257419 | Pan      | Paralysed by a floating eye for 3 turns
257465 | Pan      | Found an exit through the horrors of the Abyss.
257494 | Pan      | Entered the realm of Gloorx Vloq.
257496 | Pan      | Noticed Gloorx Vloq
257503 | Pan      | HP: 11/323 [Executioner[Gloorx Vloq] (6)]
257505 | Pan      | Killed Gloorx Vloq
257931 | Pan      | Found an exit through the horrors of the Abyss.
257990 | Pan      | Acquired the +0 hat of the Tundras {rC++ Regen+}
258148 | Pan      | Reached skill level 10 in Stealth
258338 | Pan      | Got a dark rune of Zot
259140 | Pan      | Took an exit into the Abyss.
259140 | Abyss:1  | Escaped into the Abyss
259159 | Abyss:1  | Killed Ihuggef the pandemonium lord
259245 | Depths:3 | Escaped the Abyss
259484 | Depths:3 | Lost mutation: You tend to lose your temper in combat.
                  | [potion of mutation]
259484 | Depths:3 | Lost mutation: Your system is resistant to poisons. (rPois)
                  | [potion of mutation]
259484 | Depths:3 | Gained mutation: Your system is resistant to poisons.
                  | (rPois) [potion of mutation]
259484 | Depths:3 | Gained mutation: Your mind is acute. (Int +2) [potion of
                  | mutation]
259484 | Depths:3 | Gained mutation: You expend magic power (3 MP) to
                  | strengthen your wands. [potion of mutation]
259486 | Depths:3 | Lost mutation: You are weak. (Str -2) [potion of mutation]
259486 | Depths:3 | Lost mutation: Your body often deteriorates upon taking
                  | damage. [potion of mutation]
259486 | Depths:3 | Lost mutation: Your magical capacity is very low. (-20% MP)
                  | [potion of mutation]
259486 | Depths:3 | Lost mutation: You are clumsy. (Dex -2) [potion of
                  | mutation]
259486 | Depths:3 | Gained mutation: You have sharp toenails. [potion of
                  | mutation]
259486 | Depths:3 | Gained mutation: You possess an exceptional clarity of
                  | mind. [potion of mutation]
260657 | Zig:1    | Entered Level 1 of a ziggurat
260680 | Zig:2    | Entered Level 2 of a ziggurat
260710 | Zig:3    | Entered Level 3 of a ziggurat
260773 | Zig:4    | Entered Level 4 of a ziggurat
260791 | Zig:4    | Identified the Papyrus of Arcane Weapons
260804 | Zig:4    | Got a fine lapis lazuli ring
260811 | Zig:4    | Identified the ring "Qeaheot" {rPois rC+ Str+3 SInv Stlth-}
                  | (You found it on level 4 of a ziggurat)
260886 | Zig:5    | Entered Level 5 of a ziggurat
260893 | Zig:5    | Reached skill level 15 in Stealth
260949 | Zig:6    | Entered Level 6 of a ziggurat
260953 | Zig:6    | Noticed Kune the pandemonium lord
260956 | Zig:6    | Killed Kune the pandemonium lord
260968 | Zig:6    | Identified An Introduction to Thaumaturgy
260973 | Zig:6    | Identified Juzxiag's Handbook of the Freezing Mountains
261037 | Zig:7    | Entered Level 7 of a ziggurat
261048 | Zig:7    | Noticed an ancient lich
261071 | Zig:7    | Killed an ancient lich
261302 | Zig:8    | Entered Level 8 of a ziggurat
261404 | Zig:9    | Entered Level 9 of a ziggurat
261627 | Zig:10   | Entered Level 10 of a ziggurat
261633 | Zig:10   | Noticed an ancient lich
261633 | Zig:10   | Noticed an ancient lich
261641 | Zig:10   | Killed an ancient lich
261642 | Zig:10   | Reached skill level 1 in Short Blades
261643 | Zig:10   | Killed an ancient lich
261659 | Zig:10   | Identified the Reference Book on Battle Magic and
                  | Displacement
261672 | Zig:10   | Got a pair of heavily runed boots
261675 | Zig:10   | Identified the +1 pair of boots of the Unbroken {*Drain
                  | +Blink rPois Dex+2} (You found it on level 10 of a
                  | ziggurat)
261682 | Zig:10   | Acquired the ring of Xoschif {Wiz *Corrode rElec rF+ rN+}
261732 | Zig:11   | Entered Level 11 of a ziggurat
261741 | Zig:11   | Noticed a royal mummy
261745 | Zig:11   | Reached skill level 1 in Staves
261745 | Zig:11   | Killed a royal mummy
261746 | Zig:11   | Reached skill level 1 in Polearms
263000 | Zot:5    | Got the Orb of Zot
263649 | D:4      | Noticed Boymaal the pandemonium lord
263727 | D:$      | Escaped with the Orb!

Illustrated notes

Levels and vault maps discovered:
D:1:      dpeg_arrival_refuge, layout_loops_corners
D:2:      layout_loops_ring, nemelex_xobeh_ov_fountains_minmay, uniq_sigmund
D:3:      minmay_evil_eye, layout_rooms, chequers_decorated_corner
D:4:      layout_basic, minmay_temple_entry_large_hall, minivault_11, uniq_pikel
D:5:      layout_basic
D:6:      layout_basic, basic_altar
D:7:      layout_gridville, serial_shops, shop
D:8:      layout_gridville, general_overflow_altar, minmay_misc_feat_ornament
D:9:      layout_irregular_city, orc_0_dummy, trog_book
D:10:     layout_basic
D:11:     layout_stronghold, grunt_lair_entry_orc_guard_hut
D:12:     layout_loops_ring
D:13:     layout_rooms, david_vaults_5, serial_bayou, serial_bayou_pond_a,
          serial_bayou_ford_a, serial_bayou_shore_a, serial_bayou_lagoon_a,
          drop_trap, grunt_gozag_breadcrumbs, uniq_josephine, uniq_nessos
D:14:     layout_gridville, tgw_sif
D:15:     grunt_enter_depths_snipers, layout_rooms, okawaru_ov_weapons_minmay,
          minmay_unpleasant_kobolds
Temple:   minmay_crystal_snake_temple
Lair:1:   layout_misc_corridors
Lair:2:   layout_misc_corridors, shoals_dummy_entry,
          grunt_forest_stairs_clearing, grunt_megastairs_3
Lair:3:   layout_roguey, minmay_snake_entry_guardpost_medium, uniq_rupert
Lair:4:   layout_regular_city
Lair:5:   layout_cave_pods, tgw_fedhas, lemuel_fruit_tree
Lair:6:   minmay_lair_end_frog_pond, layout_gridlike,
          dpeg_slime_entry_enclosed_altar
Shoals:1: layout_shoals, serial_shops, shop, uniq_kirke
Shoals:2: layout_shoals, gammafunk_ghost_wrathful_warriors, serial_shops,
          nicolae_shop_crystal, uniq_polyphemus
Shoals:3: layout_shoals, serial_shops, nicolae_shop_statue_plus,
          nicolae_shoals_undead_eyrie
Shoals:4: shoals_end_simple, layout_shoals, serial_shops,
          nicolae_shop_temple_entry_statues_fountains
Snake:1:  layout_gridlike, drop_trap
Snake:2:  layout_layer_cave, serial_bayou_pond_a
Snake:3:  layout_rooms, basic_altar, grunt_ministairs_9, grunt_megastairs_2
Snake:4:  grunt_snake_rune_pools, layout_cave_town,
          portal_ice_cave_entry_dragon, drop_trap, minmay_shoptagon
Slime:1:  cheibrodos_slime_lost_civilization_2, layout_caves,
          cheibrodos_slime_lost_civilization_5
Slime:2:  layout_caves
Slime:3:  layout_caves
Slime:4:  layout_caves
Slime:5
Orc:1:    layout_diamond_mine, uniq_maurice
Orc:2:    st_orc_congregation, layout_diamond_mine, kennysheep_orc_chapel,
          uniq_jorgrun
Elf:1:    layout_gridlike, minmay_elf_sorcery, minmay_shop_star
Elf:2:    layout_geoelf_octagon, portal_desolation_entry_garden, serial_shops,
          shop, shop, shop, nicolae_shop_competitors_out_of_business,
          shop_statue, lemuel_flamethrower_2
Elf:3:    elf_hall_gauntlet_narrow, layout_loops_cross,
          serial_sigils_hangedman_etch, guppyfry_library_mini
Vaults:1: gammafunk_vaults_ghost_grave, dpeg_vaults_waves, v_misc_16,
          hangedman_vaults_maws, vaults_room_pools,
          nicolae_vaults_little_squares_6, v_misc_24, ontoclasm_vaults_shuriken,
          grunt_vaults_focal, nicolae_vaults_sealed_display,
          layout_vaults_big_room
Vaults:2: gammafunk_sealed_library, hangedman_vaults_trim,
          vaults_room_door_hall, v_alt_pattern_6, v_pattern_2,
          ontoclasm_vaults_loading_screen, vaults_room_pools,
          hangedman_vaults_capsules, nicolae_vaults_little_squares_4, v_misc_4,
          layout_vaults_omnibox
Vaults:3: vaults_standard_mumra_lines, minmay_crypt_entry_vampire_xt, v_misc_18,
          hangedman_vaults_river_flow, nicolae_vaults_shelves_hall,
          vaults_room_hallway, vaults_standard_mumra_enter_the_diamond,
          ontoclasm_vaults_pinch, vaults_room_large_hall, vaults_dpeg_diagonal,
          ontoclasm_vaults_loading_screen, nicolae_vaults_mini_display_case,
          ontoclasm_vaults_chip, layout_vaults_big_cross, uniq_saint_roka
Vaults:4: v_misc_1, vaults_mumra_chevron_long, v_misc_12,
          ontoclasm_vaults_ring_large, v_misc_25, v_misc_24,
          nicolae_vaults_network_star, vaults_room_fancy_cross,
          ontoclasm_vaults_misaligned, ontoclasm_vaults_eye,
          ontoclasm_vaults_decontamination, ontoclasm_vaults_loading_screen,
          layout_vaults_ring, serial_shops, nicolae_shop_behind_doors
Vaults:5: uniq_frederick
Crypt:1:  layout_chaotic_city, grunt_crypt_arrival_webbed
Crypt:2:  layout_misc_corridors, uniq_boris
Crypt:3:  grunt_crypt_end_deaths_head, uniq_margery
Tomb:1:   uniq_sojobo
Tomb:2
Tomb:3
Depths:1: layout_honeycomb, grunt_mini_vestibule, abyss_entry,
          hangedman_abyss_or_decor_slice, kb_rosetta, kennysheep_random_hallway,
          uniq_enchantress
Depths:2: minmay_three_patterns, layout_gridville, serial_shops, statue_bzr,
          abyss_entry, hell_entry, gammafunk_ghost_tricky_traps
Depths:3: minmay_sliced_demisemicircle, layout_basic, nrook_campfire,
          enter_trove_3, grunt_pan_entry_sceptre, pf_hell_entry_tar_river,
          abyss_entry, grunt_decor_junction, infiniplex_staircase_x
Depths:4: minmay_ornate_pinched, layout_twisted_cross, enter_ziggurat_f,
          pf_coc_iceberg, rand_demon_pan_entry_9, minmay_misc_feat_square,
          abyss_entry_small_statue_room
Depths:5: grunt_zot_entry_bicorn, layout_gridville, abyss_entry,
          serial_sigils_hangedman_scratch, hell_entry
Hell
Dis:1:    layout_regular_city, grunt_megastairs_1
Dis:2:    layout_regular_city
Dis:3:    layout_jigsaw
Dis:4:    layout_subdivisions
Dis:5:    layout_gridville
Dis:6:    layout_subdivisions
Dis:7:    dis_grunt_layers
Geh:1:    layout_gehenna_pools_triple, lemuel_hellion_isle
Geh:2:    layout_gehenna_lava_caves
Geh:3:    layout_gehenna_pools_box
Geh:4:    layout_gehenna_pools_triple, nicolae_geh_amphitheater
Geh:5:    layout_gehenna_pools_basic
Geh:6:    layout_gehenna_lava_caves
Geh:7:    geh_grunt_pentagon
Coc:1:    layout_ice_bergs
Coc:2:    layout_cocytus_water_paths
Coc:3:    layout_ice_bergs
Coc:4:    layout_cocytus_water_paths
Coc:5:    layout_ice_bergs
Coc:6:    layout_cocytus_water_paths
Coc:7:    coc_old
Tar:1:    layout_grid_maze
Tar:2:    layout_honeycomb, lemuel_nasty_fountain
Tar:3:    layout_grid_maze
Tar:4:    layout_catacombs
Tar:5:    layout_cathedral_of_symmetry, hangedman_tartarus_temple_path,
          nicolae_tar_cuneiform_heaven, nicolae_tar_cuneiform_water
Tar:6:    hangedman_tartarus_silent_blood_keep, layout_grid_maze
Tar:7:    tar_old
Zot:1:    kennysheep_room_grid, layout_concentric_octagons, grunt_ministairs_6,
          hangedman_zot_wheel_spokes
Zot:2:    grunt_deathspiral_small, layout_onion_interference,
          amethyst_zot_foddershock
Zot:3:    cheibrodos_zot_enchanting_chambers, layout_gridlike
Zot:4:    grunt_zot_stairs_mandelzot, layout_misc_corridors
Zot:5:    layout_misc_corridors, st_stairs_5

Skill      XL: |  1  2  3  4  5  6  7  8  9 10 11 12 13 14 15 16 17 18 19 20 21 22 23 24 25 26 27 |
---------------+----------------------------------------------------------------------------------+-----
Axes           | 3 4 5 6 8 14 | 14.7
Armour         | 2 3 4 5 6 7 9 10 11 12 13 14 15 16 27 | 27.0
Throwing       | 2 3 4 5 6 7 8 18 | 18.1
Dodging        | 3 4 5 6 8 9 10 11 12 13 14 15 16 27 | 27.0
Fighting       | 3 4 5 6 7 8 10 11 12 13 14 15 16 17 27 | 27.0
Slings         | 1 2 |  2.2
Invocations    | 2 4 6 8 9 11 12 13 14 15 16 17 18 19 20 21 22 23 27 | 27.0
Maces & Flails | 1 4 6 8 9 10 11 12 13 14 15 16 17 27 | 27.0
Shields        | 1 4 5 7 8 10 11 13 14 15 16 17 18 19 20 27 | 27.0
Evocations     | 1 2 3 4 6 8 10 11 13 27 | 27.0
Long Blades    | 1 2 |  2.3
Spellcasting   | 27 | 27.0
Earth Magic    | 27 | 27.0
Stealth        | 16 | 16.6
Conjurations   | 2 |  2.5
Summonings     | 2 |  2.4
Necromancy     | 2 |  2.9
Transmutations | 2 |  2.3
Bows           | 2 |  2.4
Crossbows      | 2 |  2.4
Unarmed Combat | 2 |  2.1
Hexes          | 2 |  2.5
Translocations | 2 |  2.0
Fire Magic     | 2 |  2.2
Ice Magic      | 2 |  2.2
Air Magic      | 2 |  2.3
Poison Magic   | 2 |  2.5
Short Blades   | 1 |  1.6
Staves         | 1 |  1.7
Polearms       | 1 |  1.4

Action                   |  1- 3 |  4- 6 |  7- 9 | 10-12 | 13-15 | 16-18 | 19-21 | 22-24 | 25-27 || total
-------------------------+-------+-------+-------+-------+-------+-------+-------+-------+-------++-------
Melee: War axe           |    97 |   127 |   105 |       |       |       |       |       |   135 ||   464
       Demon whip        |       |       |   192 |   589 |  1482 |  1808 |  1571 |  2239 | 27728 || 35609
       Executioner's axe |       |       |       |       |       |       |   154 |       |       ||   154
       Demon blade       |       |       |       |       |       |       |    19 |       |       ||    19
       Peck              |       |       |       |       |       |       |       |       |  6522 ||  6522
       Headbutt          |       |       |       |       |       |       |       |       |  2758 ||  2758
       Broad axe         |       |       |       |       |       |       |       |       |   120 ||   120
 Fire: Hunting sling     |       |       |    13 |       |       |       |       |       |       ||    13
Throw: Throwing net      |     3 |     1 |     1 |     4 |       |       |       |       |       ||     9
       Stone             |    20 |       |       |     7 |    13 |     2 |       |       |       ||    42
       Dart              |    10 |    18 |   180 |   110 |    30 |       |       |       |       ||   348
       Javelin           |       |       |       |       |    16 |     5 |    12 |       |       ||    33
 Cast: Iron Shot         |       |       |       |       |       |       |       |       |    35 ||    35
       Shatter           |       |       |       |       |       |       |       |       |    28 ||    28
       Stone Arrow       |       |       |       |       |       |       |       |       |     6 ||     6
Invok: Upheaval          |       |       |       |     4 |    13 |     1 |     8 |     4 |    61 ||    91
       Elemental Force   |       |       |       |     1 |     1 |    12 |     8 |    10 |    40 ||    72
       Disaster Area     |       |       |       |       |       |     4 |     2 |     3 |   116 ||   125
 Abil: Stop Flying       |       |       |       |       |       |     4 |       |       |       ||     4
       Evoke Flight      |       |       |       |       |       |     4 |       |       |       ||     4
Evoke: Wand              |       |       |     1 |     6 |     7 |     5 |    12 |     1 |   196 ||   228
       Condenser vane    |       |       |       |       |     1 |     1 |       |     3 |    36 ||    41
       Tin of tremorston |       |       |       |       |       |     1 |       |     1 |    66 ||    68
       Box of beasts     |       |       |       |       |       |     1 |       |       |     5 ||     6
       Lightning rod     |       |       |       |       |       |       |    12 |     6 |    55 ||    73
       Phial of floods   |       |       |       |       |       |       |       |     1 |    17 ||    18
       Phantom mirror    |       |       |       |       |       |       |       |       |     1 ||     1
  Use: Scroll            |       |     4 |     8 |    16 |     9 |    15 |     8 |    11 |    97 ||   168
       Potion            |       |       |     1 |     2 |     2 |    18 |     8 |     1 |    96 ||   128
 Stab: Held in net/web   |     2 |       |       |       |       |       |       |       |       ||     2
       Confused          |       |       |       |       |     2 |     1 |       |       |       ||     3
       Invisible         |       |       |       |       |       |     9 |       |       |       ||     9
       Distracted        |       |       |       |       |       |     1 |     2 |     3 |    16 ||    22
       Paralysed         |       |       |       |       |       |       |       |       |     4 ||     4
Armor: Ring mail         |    35 |    67 |    59 |    29 |       |       |       |       |       ||   190
       Plate armour      |       |       |       |   169 |   309 |   306 |   302 |   312 |  3472 ||  4870
Dodge: Dodged            |    66 |   118 |   269 |   294 |   424 |   593 |   629 |   521 |  5488 ||  8402
       Repelled          |       |       |       |     1 |    23 |    28 |    13 |    18 |   246 ||   329
Block: Other             |       |       |    11 |    13 |    46 |    56 |   205 |       |       ||   331
       Buckler           |       |       |       |    61 |       |       |       |       |       ||    61
       Kite shield       |       |       |       |   154 |   769 |  1446 |  1069 |  1690 | 28313 || 33441
       Reflection        |       |       |       |       |     1 |   117 |   103 |    62 |   466 ||   749
       Rpst.: Demon blade |       |       |       |       |       |       |     4 |       |       ||     4

Table legend: (Time is in decaauts) A = Elapsed time spent in this place. B = Non-inter-level travel time spent in this place. C = Inter-level travel time spent in this place. D = Time resting spent in this place. E = Time spent auto-exploring this place. F = Levels seen in this place. G = Mean time per level. A B C D E F G +--------+--------+--------+--------+--------+-----+--------+ Total | 243450 | 222545 | 20905 | 95652 | 40086 | 187 | 1301.9 | Dungeon | 26961 | 20716 | 6245 | 6707 | 7786 | 15 | 1797.4 | Temple | 44 | 25 | 19 | 0 | 16 | 1 | 44.0 | Lair | 7542 | 6644 | 898 | 1325 | 2836 | 6 | 1257.0 | Shoals | 5967 | 5534 | 433 | 1455 | 2112 | 4 | 1491.8 | Snake Pit | 8076 | 7887 | 189 | 2985 | 1737 | 4 | 2019.0 | Slime Pits | 2703 | 2693 | 10 | 1550 | 148 | 5 | 540.6 | Orcish Mines | 3927 | 3499 | 428 | 1755 | 658 | 2 | 1963.5 | Elven Halls | 5795 | 5511 | 284 | 1681 | 1612 | 3 | 1931.7 | Vaults | 16744 | 12606 | 4138 | 5833 | 3467 | 5 | 3348.8 | Crypt | 12556 | 10039 | 2517 | 6377 | 687 | 3 | 4185.3 | Tomb | 9528 | 8869 | 659 | 4106 | 793 | 3 | 3176.0 | Depths | 22624 | 19835 | 2789 | 13468 | 2855 | 5 | 4524.8 | Hell | 13013 | 12865 | 148 | 11434 | 294 | 1 | 13013.0 | Dis | 14626 | 14416 | 210 | 5310 | 2542 | 7 | 2089.4 | Gehenna | 13613 | 13459 | 154 | 5141 | 3131 | 7 | 1944.7 | Cocytus | 14594 | 14396 | 198 | 4064 | 3891 | 7 | 2084.9 | Tartarus | 12743 | 12710 | 33 | 5558 | 432 | 7 | 1820.4 | Zot | 16158 | 14611 | 1547 | 7831 | 1984 | 5 | 3231.6 | Abyss | 21074 | 21074 | 0 | 4018 | 33 | 73 | 288.7 | Pandemonium | 10828 | 10828 | 0 | 3206 | 2315 | 10 | 1082.8 | Ziggurat | 1502 | 1502 | 0 | 1001 | 0 | 11 | 136.5 | Bazaar | 94 | 94 | 0 | 0 | 54 | 1 | 94.0 | Ice Cave | 1505 | 1505 | 0 | 569 | 257 | 1 | 1505.0 | Desolation | 1221 | 1221 | 0 | 270 | 442 | 1 | 1221.0 | +--------+--------+--------+--------+--------+-----+--------+

Top non-repeatable levels by time:
    Hell: 13013 daAuts
Depths:1: 9357 daAuts
 Crypt:3: 9100 daAuts
 Abyss:1: 8526 daAuts
Depths:5: 7146 daAuts
  Tomb:1: 6188 daAuts
   Dis:7: 6008 daAuts
 Abyss:3: 5608 daAuts
Vaults:4: 5182 daAuts
 Abyss:2: 5057 daAuts
   Coc:7: 4499 daAuts
   Tar:7: 4398 daAuts
    D:15: 3986 daAuts
   Geh:7: 3849 daAuts
Vaults:2: 3711 daAuts
